Workbook
Name отметки: 'Экономическое развитие'!#REF!
Name отметки: 'Экономическое развитие'!#REF!

Sheet Справочник
A1: Список специалистов, ответственных за согласование показателей,
A2: используемых для оценки эфективности деятельности органов местного самоуправления
A3: муниципальных районов и городского округа в Республике Алтай
A4: № показателя | B4: Наименование целевого покзателя | C4: Единицы измерения | D4: Ведомство - согласовывает пояснительные записки и показатели | E4: ФИО ответственного специалиста | F4: контакт. телефон | G4: электронный адрес | H4: ФИО начальника отдела | I4: контакт. телефон
A5: I. | B5: Экономическое развитие
A6: 1 | B6: Число субъектов малого и среднего предпринимательства | C6: единиц на 10 тыс. человек населения | D6: Минэкономразвития РА | E6: Кобошева Надежда Николаевна | F6: 8 (38822) 2 55 38 | G6: okr@mineco04.ru | H6: Делдошпоева Елена Семеновна | I6: (38822) 2-55-38
A7: 2 | B7: Доля среденесписочной численности работников (без внешних совместителей) малых и средних предприятий в среденесписочной численности работников (без внешних совместителей) всех предприятий и организаций | C7: процентов | D7: Минэкономразвития РА | E7: Кобошева Надежда Николаевна | F7: 8 (38822) 2 55 38 | G7: okr@mineco04.ru | H7: Делдошпоева Елена Семеновна | I7: (38822) 2-55-38
A8: 3 | B8: Объем инвестиций в основной капитал (за исключением бюджетных средств) в расчете на 1 жителя | C8: рублей | D8: Минэкономразвития РА | E8: Джадранова Ольга Асылбековна | F8: 8 (38822) 2 9511 | G8: 04invest@bk.ru | H8: Щелкунова Анна Николаевна | I8: 8 (38822) 2 13 50
A9: 4 | B9: Доля площади земельных участков, являющихся объектами налогообложения земельным налогом, в общей площади территории городского округа (муниципального района) | C9: процентов | D9: Минэкономразвития РА | E9: Ялбаков Аржан Владимирович | F9: 8 (38822) 2-26-08 | G9: res1@mineco04.ru | H9: Ялбаков Аржан Владимирович | I9: 2-26-08
A10: 5 | B10: Доля прибыльных сельскохозяйственных организаций в общем их числе | C10: процентов | D10: Министерство сельского хозяйства РА | E10: Абраменко Геннадий Сергеевич | F10: 8 (38822) 2 12 48 | G10: abramenko.mcx@yandex.ru | H10: Терехина Галина Александровна | I10: 8 (38822) 2 40 37
A11: 6 | B11: Доля протяженности автомобильных дорог общего пользования местного значения, не отвечающих нормативным требованиям, в общей протяженности автомобильных дорог общего пользования местного значения | C11: процентов | D11: Министерство регионального развития Республики Алтай | E11: Хорошилова Алена Михайловна | F11: 8 (38822) 2 22 37 | G11: transport@minregion-ra.ru | H11: Ватутина Жанна Ивановна | I11: 8 (38822) 2 22 37
A12: 7 | B12: Доля населения, проживающего в населенных пунктах, не имеющих регулярного автобусного и (или) железнодорожного сообщения с административным центром городского округа (муниципального района) | C12: процентов | D12: Министерство регионального развития Республики Алтай | E12: Угрюмова Алеся Александровна | F12: 8 (38822) 2 60 59 | G12: transport@minregion-ra.ru | H12: Ватутина Жанна Ивановна | I12: 8 (38822) 2 22 37
A13: 8 | B13: Среднемесячная номинальная начисленная заработная плата работников: | D13: х | E13: х | F13: х | G13: х | H13: х | I13: х
A14: 8.1. | B14: крупных и средних предприятий и некоммерческих организаций городского округа (муниципального района) | C14: рублей | D14: Минэкономразвития РА | E14: =D97 -> Мусихина Татьяна Алексеевна | F14: 8(388 22) 2-25-64 | G14: gospro@mineco04.ru | H14: Делдошпоева Елена Семеновна | I14: (38822) 2-55-38
A15: 8.2. | B15: муниципальных дошкольных образовательных организаций | C15: рублей | D15: Министерство образования и науки РА | E15: Никитина Светлана Сергеевна | F15: 8 (38822) 2 22 93 | G15: nikitina@mon-ra.ru | H15: Попова Наталья Владимировна | I15: 8 (38822) 2 22 93
A16: 8.3. | B16: муниципальных общеобразовательных учреждений | C16: рублей | D16: Министерство образования и науки РА | E16: Никитина Светлана Сергеевна | F16: 8 (38822) 2 22 93 | G16: nikitina@mon-ra.ru | H16: Попова Наталья Владимировна | I16: 8 (38822) 2 22 93
A17: 8.4. | B17: учителей муниципальных общеобразовательных учреждений | C17: рублей | D17: Министерство образования и науки РА | E17: Никитина Светлана Сергеевна | F17: 8 (38822) 2 22 93 | G17: nikitina@mon-ra.ru | H17: Попова Наталья Владимировна | I17: 8 (38822) 2 22 93
A18: 8.5. | B18: муниципальных учреждений культуры и искусства | C18: рублей | D18: Министерство культуры РА | E18: Сабина Айару Эзеновна | F18: 8 (38822) 2 55 88 | G18: econom.minkulturi.ra@yandex.ru | H18: Пильтина Чечеш Михайловна | I18: 8 (38822) 2 22 02
A19: 8.6. | B19: муниципальных учреждений физической культуры и спорта | C19: рублей | D19: Комитет по физической культуре и спорту РА | E19: Титанакова Татьяна Борисовна | F19: 8 (388 22) 6-11-90 | G19: ttb@sportkom04.ru | H19: Титанакова Татьяна Борисовна | I19: 8 (388 22) 6-11-90
A20: II | B20: Дошкольное образование
A21: 9 | B21: Доля детей в возрасте 1 - 6 лет, получающих дошкольную образовательную услугу и (или) услугу по их содержанию в муниципальных образовательных учреждениях в общей численности детей в возрасте 1 - 6 лет | C21: процентов | D21: Министерство образования и науки РА | E21: Костюника Алена Анатольевна | F21: 8 (38822) 2 25 10 | G21: doshkol@mon-ra.ru | H21: Елфимова Ирина Ивановна | I21: 8 (38822) 4 84 20
A22: 10 | B22: Доля детей в возрасте 1 - 6 лет, стоящих на учете для определения в муниципальные дошкольные образовательные учреждения, в общей численности детей в возрасте 1 - 6 лет | C22: процентов | D22: Министерство образования и науки РА | E22: Костюника Алена Анатольевна | F22: 8 (38822) 2 25 10 | G22: doshkol@mon-ra.ru | H22: Елфимова Ирина Ивановна | I22: 8 (38822) 4 84 20
A23: 11 | B23: Доля муниципальных дошкольных образовательных учреждений, здания которых находятся в аварийном состоянии или требуют капитального ремонта, в общем числе муниципальных дошкольных образовательных учреждений | C23: процентов | D23: Министерство образования и науки РА | E23: Кергилова Галина Владимировна | F23: 8 (38822) 2 35 22 | G23: econom@mon-ra.ru | H23: Кергилова Галина Владимировна | I23: 8 (38822) 2 35 22
A24: III | B24: Общее и дополнительное образование
A25: 12 | B25: Доля выпускников муниципальных общеобразовательных учреждений, не получивших аттестат о среднем (полном) образовании, в общей численности выпускников муниципальных общеобразовательных учреждений | C25: процентов | D25: Министерство образования и науки РА | E25: Дзукаева Полина Александровна | F25: 8 (38822) 2 22 94 | G25: volkhina@mon-ra.ru | H25: Елфимова Ирина Ивановна | I25: 8 (38822) 4 84 20
A26: 13 | B26: Доля муниципальных общеобразовательных учреждений, соответствующих современным требованиям обучения, в общем количестве муниципальных общеобразовательных учреждений | C26: процентов | D26: Министерство образования и науки РА | E26: Кергилова Галина Владимировна | F26: 8 (38822) 2 35 22 | G26: econom@mon-ra.ru | H26: Кергилова Галина Владимировна | I26: 8 (38822) 2 35 22
A27: 14 | B27: Доля муниципальных общеобразовательных учреждений, здания которых находятся в аварийном состоянии или требуют капитального ремонта, в общем количестве муниципальных общеобразовательных учреждений | C27: процентов | D27: Министерство образования и науки РА | E27: Кергилова Галина Владимировна | F27: 8 (38822) 2 35 22 | G27: econom@mon-ra.ru | H27: Кергилова Галина Владимировна | I27: 8 (38822) 2 35 22
A28: 15 | B28: Доля детей первой и второй групп здоровья в общей численности обучающихся в муниципальных общеобразовательных учреждениях | C28: процентов | D28: Министерство здравоохранения РА | E28: Чернышова Татьяна Анатольевна | F28: 8 (38822) 2 64 91 | G28: medotdel-04@yandex.ru | H28: Добромыслова Наталья Геннадьевна | I28: 8 (38822) 4-77-58
A29: справочно | B29: Численность детей первой и второй групп здоровья, обучающихся в муниципальных образовательных организациях | C29: человек | D29: Министерство здравоохранения РА | E29: Чернышова Татьяна Анатольевна | F29: 8 (38822) 2 64 91 | G29: medotdel-04@yandex.ru | H29: Добромыслова Наталья Геннадьевна | I29: 8 (38822) 4-77-58
B30: Численность детей, обучающихся в муниципальных организациях | C30: человек | D30: Министерство образования и науки РА | E30: Чернышова Татьяна Анатольевна | F30: 9 (38822) 2 64 91 | G30: medotdel-04@yandex.ru | H30: Добромыслова Наталья Геннадьевна | I30: 8 (38822) 4-77-58
A31: 16 | B31: Доля обучающихся в муниципальных общеобразовательных учреждениях, занимающихся во вторую (третью) смену, в общей численности обучающихся в муниципальных общеобразовательных учреждениях | C31: процентов | D31: Министерство образования и науки РА | E31: Бидинова Карина Борисовна | F31: 8 (38822) 2 71 34 | G31: bidinova@mon-ra.ru | H31: Попова Наталья Владимировна | I31: 8 (38822) 2 22 93
A32: 17 | B32: Расходы бюджета муниципального образования на общее образование в расчете на 1 обучающегося в муниципальных общеобразовательных учреждениях | C32: рублей | D32: Министерство образования и науки РА | E32: Никитина Светлана Сергеевна | F32: 8 (38822) 2 22 93 | G32: nikitina@mon-ra.ru | H32: Попова Наталья ладимировна | I32: 8 (38822) 2 22 93
A33: 18 | B33: Доля детей в возрасте 5 - 18 лет, получающих услуги по дополнительному образованию в организациях различной организационно-правовой формы и формы собственности, в общей численности детей данной возрастной группы | C33: процентов | D33: Министерство образования и науки РА | E33: Тырышкина Инга Владимировна | F33: 8 (38822) 2 37 22 | G33: tirishkina@mon-ra.ru | H33: Каменева Наталья Юрьевна | I33: 8 (38822) 2 37 22
A34: IV. | B34: Культура
A35: 19 | B35: Уровень фактической обеспеченности учреждениями культуры в городском округе (муниципальном районе) от нормативной потребности:
B36: клубами и учреждениями клубного типа | C36: процентов | D36: Министерство культуры РА | E36: Чиндашева Татьяна Олеговна | F36: 8 (38822) 2 22 02 | G36: econom.minkulturi.ra@yandex.ru | H36: Пильтина Чечеш Михайловна | I36: 8 (38822) 2 22 02
B37: библиотеками | C37: процентов | D37: Министерство культуры РА | E37: Чиндашева Татьяна Олеговна | F37: 8 (38822) 2 22 02 | G37: econom.minkulturi.ra@yandex.ru | H37: Пильтина Чечеш Михайловна | I37: 8 (38822) 2 22 02
B38: парками культуры и отдыха | C38: процентов | D38: Министерство культуры РА | E38: Чиндашева Татьяна Олеговна | F38: 8 (38822) 2 22 02 | G38: econom.minkulturi.ra@yandex.ru | H38: Пильтина Чечеш Михайловна | I38: 8 (38822) 2 22 02
A39: 20. | B39: Доля муниципальных учреждений культуры, здания которых находятся в аварийном состоянии или требуют капитального ремонта, в общем количестве муниципальных учреждений культуры | C39: процентов | D39: Министерство культуры РА | E39: Чиндашева Татьяна Олеговна | F39: 8 (38822) 2 22 02 | G39: econom.minkulturi.ra@yandex.ru | H39: Пильтина Чечеш Михайловна | I39: 8 (38822) 2 22 02
A40: 21 | B40: Доля объектов культурного наследия, находящихся в муниципальной собственности и требующих консервации или реставрации, в общем количестве объектов культурного наследия, находящихся в муниципальной собственности | C40: процентов | D40: Инспеция по государственной охране объектов культурного наследия РА | E40: Киселёва Екатерина Игоревна | F40: 8 (38822) 2 41 73 8 913 695 6404 | G40: klokova.ekaterinka@yandex.ru | H40: Базайченко Александр Викторович | I40: 8 (38822) 2 41 91
A41: V | B41: Физическая культура и спорт
A42: 22 | B42: Доля населения, систематически занимающегося физической культурой и спортом | C42: процентов | D42: Комитет по физической культуре и спорту РА | E42: Титанакова Татьяна Борисовна | F42: 8 (388 22) 6-11-90 | G42: ttb@sportkom04.ru | H42: Титанакова Татьяна Борисовна | I42: 8 (388 22) 6-11-90
A43: 23 | B43: Доля обучающихся, систематически занимающихся физической культурой и спортом, в общей численности обучающихся | C43: процентов | D43: Комитет по физической культуре и спорту РА | E43: Титанакова Татьяна Борисовна | F43: 8 (388 22) 6-11-90 | G43: ttb@sportkom04.ru | H43: Титанакова Татьяна Борисовна | I43: 8 (388 22) 6-11-90
A44: VI. | B44: Жилищное строительство и обеспечение граждан жильем
A45: 24 | B45: Общая площадь жилых помещений, приходящаяся в среднем на одного жителя, - всего | C45: кв. метров | D45: Министерство регионального развития РА | E45: Темирханова Гульсая Айтеновна | F45: 8 (388-22) 2 60 28 | G45: gilpolitika.minregion@mail.ru
B46: в том числе введенная в действие за один год | C46: кв. меторов | D46: Министерство регионального развития РА | E46: Темирханова Гульсая Айтеновна | F46: 8 (388-22) 2 60 28 | G46: gilpolitika.minregion@mail.ru
A47: 25 | B47: Площадь земельных участков, предоставленных для строительства в расчете на 10 тыс. человек населения, - всего | C47: гектаров | D47: Министерство регионального развития РА | E47: Темирханова Гульсая Айтеновна | F47: 8 (388-22) 2 60 28 | G47: gilpolitika.minregion@mail.ru
B48: в том числе земельных участков, предоставленных для жилищного строительства, индивидуального строительства и комплексного освоения в целях жилищного строительства | C48: гектаров | D48: Министерство регионального развития РА | E48: Темирханова Гульсая Айтеновна | F48: 8 (388-22) 2 60 28 | G48: gilpolitika.minregion@mail.ru
A49: 26 | B49: Площадь земельных участков, предоставленных для строительства, в отношении которых с даты принятия решения о предоставлении земельного участка или подписания протокола о результатах торгов (конкурсов, аукционов) не было получено разрешение на ввод в эксплуатацию: | D49: Министерство регионального развития РА | E49: Темирханова Гульсая Айтеновна | F49: 8 (388-22) 2 60 28 | G49: gilpolitika.minregion@mail.ru
B50: объектов жилищного строительства -в течение 3 лет | C50: кв. метров | D50: Министерство регионального развития РА | E50: Темирханова Гульсая Айтеновна | F50: 8 (388-22) 2 60 28 | G50: gilpolitika.minregion@mail.ru
B51: иных объектов капитального строительства - в течение 5 лет | C51: кв. метров | D51: Министерство регионального развития РА | E51: Темирханова Гульсая Айтеновна | F51: 8 (388-22) 2 60 28 | G51: gilpolitika.minregion@mail.ru
A52: VII | B52: Жилищно-коммунальное хозяйство
A53: 27 | B53: Доля многоквартирных домов, в которых собственники помещений выбрали и реализуют один из способов управления многоквартирными домами, в общем числе многоквартирных домов, в которых собственники помещений должны выбрать способ управления данными домами | C53: процентов | D53: Министерство регионального развития РА | E53: Гулькина Наталья Владимировна | F53: 8 (38822) 2 28 18 | G53: economy@minregion-ra.ru | H53: Лорей Татьяна Александровна | I53: 8 (38822) 2 93 03
A54: 28 | B54: Доля организаций коммунального комплекса, осуществляющих производство товаров, оказание услуг по водо-, тепло-, газо-, электроснабжению, водоотведению, очистке сточных вод, утилизации (захоронению) твердых бытовых отходов и использующих объекты коммунальной инфраструктуры на праве частной собственности, по договору аренды или концессии, участие субъекта Российской Федерации и (или) городского округа (муниципального района) в уставном капитале которых составляет не более 25 процентов, в общем числе организаций коммунального комплекса, осуществляющих свою деятельность на территории городского округа (муниципального района) | C54: процентов | D54: Министерство регионального развития РА | E54: Гулькина Наталья Владимировна | F54: 8 (38822) 2 28 18 | G54: economy@minregion-ra.ru | H54: Лорей Татьяна Александровна | I54: 8 (38822) 2 93 03
A55: 29 | B55: Доля многоквартирных домов, расположенных на земельных участках, в отношении которых осуществлен государственный кадастровый учет | C55: процентов | D55: Министерство регионального развития РА | E55: Темирханова Гульсая Айтеновна | F55: 8 (388-22) 2 60 28 | G55: gilpolitika.minregion@mail.ru
A56: 30 | B56: Доля населения, получившего жилые помещения и улучшившего жилищные условия в отчетном году, в общей численности населения, состоящего на учете в качестве нуждающегося в жилых помещениях | C56: процентов | D56: Министерство регионального развития РА | E56: Темирханова Гульсая Айтеновна | F56: 8 (388-22) 2 60 28 | G56: gilpolitika.minregion@mail.ru
A57: VIII | B57: Организация муниципального управления
A58: 31 | B58: Доля налоговых и неналоговых доходов местного бюджета (за исключением поступлений налоговых доходов по дополнительным нормативам отчислений) в общем объеме собственных доходов бюджета муниципального образования (без учета субвенций) | C58: процентов | D58: Министерство финансов РА | E58: Тойлонова Элина Васильевна | F58: 8 (38822) 2 43 99 | G58: tey@mfmail.ru | H58: Арбаева Ирина Танкистовна | I58: 8(388-22 ) 2-63-57
B59: Сумма налоговых и неналоговых доходов местного бюджета (за исключением поступлений налоговых доходов по дополнительным нормативам отчислений) | C59: рублей | D59: Министерство финансов РА | E59: Тойлонова Элина Васильевна | F59: 8 (38822) 2 43 99 | G59: tey@mfmail.ru | H59: Арбаева Ирина Танкистовна | I59: 8(388-22 ) 2-63-58
B60: Общий объем собственных доходов бюджета муниципального образования (без учета субвенций) | C60: рублей | D60: Министерство финансов РА | E60: Тадышева Анна Алексеевна | F60: 8 (38822) 2 26 75 | G60: =G63 -> taa@mfmail.ru | H60: Тихонова Лилия Прокопьевна | I60: 8 (38822 ) 2 26 75
A61: 32 | B61: Доля основных фондов организаций муниципальной формы собственности, находящихся в стадии банкротства, в основных фондах организаций муниципальной формы собственности (на конец года по полной учетной стоимости) | C61: процентов | D61: Минэкономразвития РА | E61: Бабышев Амыр Сергеевич | F61: 8(388) 2 71 36 | G61: gossob5@mineco04.ru | H61: Топина Наталья Сергеевна | I61: 8(388) 2 71 36
A62: 33 | B62: Объем не завершенного в установленные сроки строительства, осуществляемого за счет средств бюджета городского округа (муниципального района) | C62: тыс. руб. | D62: Министерство регионального развития РА | E62: Герасимова Анастасия Алексеевна | F62: 8 (38822) 2 35 76 | G62: invest-minregion@mail.ru | H62: Айташева Айана Эдуардовна | I62: 8 (38822) 2 23 18
A63: 34 | B63: Доля просроченной кредиторской задолженности по оплате труда (включая начисления на оплату труда) муниципальных учреждений в общем объеме расходов муниципального образования на оплату труда (включая начисления на оплату труда) | C63: процентов | D63: Министерство финансов РА | E63: =E60 -> Тадышева Анна Алексеевна | F63: =F60 -> 8 (38822) 2 26 75 | G63: taa@mfmail.ru | H63: =H60 -> Тихонова Лилия Прокопьевна | I63: =I60 -> 8 (38822 ) 2 26 75
A64: 35 | B64: Расходы бюджета муниципального образования на содержание работников органов местного самоуправления в расчете на одного жителя муниципального образования | C64: рублей | D64: Министерство финансов РА | E64: =E60 -> Тадышева Анна Алексеевна | F64: 8 (38822) 2 26 75 | G64: =G63 -> taa@mfmail.ru | H64: Тихонова Лилия Прокопьевна | I64: 8 (38822) 2 26 75
A65: 36 | B65: Наличие в городском округе (муниципальном районе) утвержденного генерального плана городского округа (схемы территориального планирования муниципального района) | C65: да/нет | D65: Министерство регионального развития РА | E65: Ченчубаева Лия Васильевна | F65: 8 (38822) 2 20 91 | G65: agsn.minregion@mail.ru | H65: Дуреева Галина Владимировна | I65: 8 (38822) 2 20 91
A66: 37 | B66: Удовлетворенность населения деятельностью органов местного самоуправления городского округа (муниципального района) | C66: процентов от числа опрошенных | D66: Минэкономразвития РА | E66: =D97 -> Мусихина Татьяна Алексеевна | F66: 8(38822) 2 32 34 | G66: gospro@mineco04.ru | H66: Алашева Ольга Сергеевна | I66: 8(38822)2-32-34
A67: 38 | B67: Среднегодовая численность постоянного населения | C67: тыс. человек | D67: Минэкономразвития РА | E67: =D98 -> Набутова Аржана Артуровна | F67: 8(38822) 2 32 34 | G67: gospro@mineco04.ru | H67: Алашева Ольга Сергеевна | I67: 8(38822)2-32-34
A68: IX | B68: Энергосбережение и повышение энергетической эффективности
A69: 39 | B69: Удельная величина потребления энергетических ресурсов в многоквартирных домах:
B70: электрическая энергия | C70: кВт/ч на 1 прожи-вающего | D70: Министерство регионального развития РА | E70: Ишмин Тимур Юрьевич | F70: 2-61-14 | G70: gilpolitika.minregion@mail.ru | H70: Ишмин Тимур Юрьевич | I70: 2-61-14
B71: тепловая энергия | C71: Гкал на 1 кв. метр общей площади | D71: Министерство регионального развития РА | E71: Ишмин Тимур Юрьевич | F71: 2-61-14 | G71: gilpolitika.minregion@mail.ru | H71: Ишмин Тимур Юрьевич | I71: 2-61-14
B72: горячая вода | C72: куб. метров на 1 прожи-вающего | D72: Министерство регионального развития РА | E72: Ишмин Тимур Юрьевич | F72: 2-61-14 | G72: gilpolitika.minregion@mail.ru | H72: Ишмин Тимур Юрьевич | I72: 2-61-14
B73: холодная вода | C73: куб. метров на 1 прожи-вающего | D73: Министерство регионального развития РА | E73: Ишмин Тимур Юрьевич | F73: 2-61-14 | G73: gilpolitika.minregion@mail.ru | H73: Ишмин Тимур Юрьевич | I73: 2-61-14
B74: природный газ | C74: куб. метров на 1 прожи-вающего | D74: Министерство регионального развития РА | E74: Ишмин Тимур Юрьевич | F74: 2-61-14 | G74: gilpolitika.minregion@mail.ru | H74: Ишмин Тимур Юрьевич | I74: 2-61-14
A75: 40 | B75: Удельная величина потребления энергетических ресурсов муниципальными бюджетными учреждениями:
B76: электрическая энергия | C76: кВт/ч на 1 прожи-вающего | D76: Министерство регионального развития РА | E76: Мунатова Диана Васильевна | F76: 8 (38822) 2 25 43 | G76: gkhminregion@yandex.ru | H76: Туткушаков Чингис Валентинович | I76: 8 (38822) 2 25 43
B77: тепловая энергия | C77: Гкал на 1 кв. метр общей площади | D77: Министерство регионального развития РА | E77: Мунатова Диана Васильевна | F77: 8 (38822) 2 25 43 | G77: gkhminregion@yandex.ru | H77: Туткушаков Чингис Валентинович | I77: 8 (38822) 2 25 43
B78: горячая вода | C78: куб. метров на 1 прожи-вающего | D78: Министерство регионального развития РА | E78: Мунатова Диана Васильевна | F78: 8 (38822) 2 25 43 | G78: gkhminregion@yandex.ru | H78: Туткушаков Чингис Валентинович | I78: 8 (38822) 2 25 43
B79: холодная вода | C79: куб. метров на 1 прожи-вающего | D79: Министерство регионального развития РА | E79: Мунатова Диана Васильевна | F79: 8 (38822) 2 25 43 | G79: gkhminregion@yandex.ru | H79: Туткушаков Чингис Валентинович | I79: 8 (38822) 2 25 43
B80: природный газ | C80: куб. метров на 1 прожи-вающего | D80: Министерство регионального развития РА | E80: Мунатова Диана Васильевна | F80: 8 (38822) 2 25 43 | G80: gkhminregion@yandex.ru | H80: Туткушаков Чингис Валентинович | I80: 8 (38822) 2 25 43
A81: 41 | B81: Результаты независимой оценки качества условий оказания услуг муниципальными организациями в сферах культуры, образования, социального обслуживания и иными организациями, расположенными на территориях соответствующих муниципальных образований и оказывающими услуги в указанных сферах за счет бюджетных ассигнований бюджетов муниципальных образований (по данным официального сайта для размещения информации о государственных и муниципальных учреждениях в информационно-телекоммуникационной сети «Интернет») (при наличии):
B82: в сфере культуры | C82: баллы | D82: Министерство культуры РА | E82: Шеверова Марина Алесандровна | F82: 8 (38822) 2 45 27 | G82: econom.minkulturi.ra@yandex.ru | H82: Шатина Елена Александровна | I82: 8 (38822) 2 66 57
B83: в сфере образования | C83: баллы | D83: Министерство образования и науки РА | E83: Бочкарева Ирина Александровна | F83: 8 (38822) 4 77 83 | G83: chepkanakova.ia@mail.ru | H83: Чепканакова Ирина Александровна | I83: 8 (38822) 4 77 83
B84: в сфере социального обслуживания | C84: баллы | D84: Министерство труда, социального развития и занятости населения РА | E84: Белеева Байсура Павловна | F84: 8 (38822) 4 77 39 | G84: beleeva@mintrud-altay.ru
B85: в сфере охраны здоровья | C85: баллы | D85: Министерство здравоохранения Республики Алтай | E85: =E28 -> Чернышова Татьяна Анатольевна | F85: =F28 -> 8 (38822) 2 64 91 | G85: =G28 -> medotdel-04@yandex.ru | H85: =H28 -> Добромыслова Наталья Геннадьевна | I85: =I28 -> 8 (38822) 4-77-58
A88: Согласование доклада Главы ОМСУ
B89: Муниципальное образование | D89: ФИО ответственного специалиста | E89: конктакт. телефон
B90: город Горно-Алтайск | D90: Набутова Аржана Артуровна | E90: 2 32 34
B91: Кош-Агачский район | D91: Набутова Аржана Артуровна | E91: 2 32 34
B92: Майминский район | D92: Алашева Ольга Сергеевна | E92: 2 32 34
B93: Онгудайский район | D93: Алашева Ольга Сергеевна | E93: 2 32 34
B94: Турочакский район | D94: Дудина Юлия Николаевна | E94: 2 25 64
B95: Улаганский район | D95: Дудина Юлия Николаевна | E95: 2 25 64
B96: Усть-Канский район | D96: Дудина Юлия Николаевна | E96: 2 25 64
B97: Усть-Коксинский район | D97: Мусихина Татьяна Алексеевна | E97: 2 32 34
B98: Чемальский район | D98: Набутова Аржана Артуровна | E98: 2 32 34
B99: Чойский район | D99: Мусихина Татьяна Алексеевна | E99: 2 32 34
B100: Шебалинский район | D100: Мусихина Татьяна Алексеевна | E100: 2 32 34

Sheet Экономическое развитие
B1: МО "Усть-Коксинский район"
A2: Заочное согласование показателей для оценки эфективности деятельности органов местного самоуправления муниципальных районов и городского округа в Республике Алтай за 2022 год и пояснительных записок к ним
A3: № показателя | B3: Наименование показателя | C3: Единица измерения | D3: Отчетная информация | K3: пояснительная записка | L3: Муниципальное образовние | P3: Ведомство (согласование ПОЯСНИТЕЛЬНЫХ записок и ведомственных целевых показатателей)
D4: 2019 | E4: 2020 | F4: 2021 | G4: 2022 | H4: 2023 | I4: 2024 | J4: 2025 | L4: ФИО (полностью) | M4: контактный телефон (ОБЯЗАТЕЛЬНО) | N4: дата и время внесения на согласования (ОБЯЗАТЕЛЬНО) | O4: Комментарий ответственного сотрудника ОБЯЗАТЕЛЬНО | P4: ФИО (полностью) | Q4: контактный телефон (обязательно) | R4: дата и время согласования (ОБЯЗАТЕЛЬНО) | S4: комментарий ответственного сотрудника ОБЯЗАТЕЛЬНО
A5: I. Экономическое развитие
A6: 1 | B6: Число субъектов малого и среднего предпринимательства в расчете на 10 тыс. человек населения | C6: единиц на 10 тыс.чел. населения | D6: =IF(D7=0,0,D7/'Организация муниципального упра'!D20*10) -> 288.2291 | E6: =IF(E7=0,0,E7/E8*10) -> 291.59627 | F6: =IF(F7=0,0,F7/F8*10) -> 307.40157 | G6: =IF(G7=0,0,G7/G8*10) -> 323.11516 | H6: =IF(H7=0,0,H7/H8*10) -> 325.64364 | I6: =IF(I7=0,0,I7/I8*10) -> 326.26012 | J6: =IF(J7=0,0,J7/J8*10) -> 326.87651 | K6: https://yadi.sk/i/qNE2kKib3U9fmv | P6: =Справочник!$E$6 -> Кобошева Надежда Николаевна | Q6: =Справочник!$F$6 -> 8 (38822) 2 55 38 | R6: Показатель согласован 20.04.2023 17:20 | S6: Аналитика согласована 21.04.2023 11:30
A7: справочно: | B7: Число субъектов малого и среднего предпринимательства | C7: единиц | D7: 465 | E7: 466 | F7: 488 | G7: 507 | H7: 511 | I7: 512 | J7: 513 | L7: Самтарова Марина Айдаровна | M7: 388(48)22-4-36 | N7: 0.64930556 | O7: Показатели для согласования | P7: ='Справочник'!$E$6 -> Кобошева Надежда Николаевна | Q7: ='Справочник'!$F$6 -> 8 (38822) 2 55 38
B8: Численность населения на начало следующего за отчетным года | C8: тыс. человек | E8: 15.981 | F8: 15.875 | G8: 15.691 | H8: 15.692 | I8: 15.693 | J8: 15.694 | L8: Кононова Лариса Викторовна | M8: 23064 | O8: Показатели для согласования | R8: 14.04.2023 в 14-33 ч. | S8: показатель по численности населения согласован
A9: 2. | B9: Доля среднесписочной численности работников (без внешних совместителей) малых и средних предприятий в среднесписочной численности работников (без внешних совместителей) всех предприятий и организаций | C9: процентов | D9: =IF((D10+D11)=0,0,(D10+D11)/(D10+D12)*100) -> 26.315789 | E9: =IF((E10+E11)=0,0,(E10+E11)/(E10+E12)*100) -> 25.056579 | F9: =IF((F10+F11)=0,0,(F10+F11)/(F10+F12)*100) -> 22.020202 | G9: =IF((G10+G11)=0,0,(G10+G11)/(G10+G12)*100) -> 23.362593 | H9: =IF((H10+H11)=0,0,(H10+H11)/(H10+H12)*100) -> 23.58681 | I9: =IF((I10+I11)=0,0,(I10+I11)/(I10+I12)*100) -> 23.697479 | J9: =IF((J10+J11)=0,0,(J10+J11)/(J10+J12)*100) -> 23.774345 | K9: https://yadi.sk/i/qNE2kKib3U9fmv | P9: ='Справочник'!$E$6 -> Кобошева Надежда Николаевна | Q9: ='Справочник'!$F$6 -> 8 (38822) 2 55 38 | R9: показатель согласован 20.04.2023 17:20 | S9: Аналитика согласована 21.04.2023 11:30
A10: справочно: | B10: Среднесписочная численность работников (без внешних совместителей) малых предприятий | C10: человек | D10: 396 | E10: 409 | F10: 313 | G10: 353 | H10: 360 | I10: 362 | J10: 364 | L10: Самтарова Марина Айдаровна | M10: 388(48)22-4-36 | N10: 0.47569444 | O10: Показатели для согласования | P10: ='Справочник'!$E$6 -> Кобошева Надежда Николаевна | Q10: ='Справочник'!$F$6 -> 8 (38822) 2 55 38 | R10: показатель согласован 20.04.2023 17:20 | S10: Аналитика согласована 21.04.2023 11:30
B11: Среднесписочная численность работников (без внешних совместителей) средних предприятий | C11: человек | D11: 389 | E11: 366 | F11: 341 | G11: 339 | H11: 341 | I11: 343 | J11: 344 | L11: Самтарова Марина Айдаровна | M11: 388(48)22-4-36 | N11: 0.47569444 | O11: Показатели для согласования | P11: ='Справочник'!$E$6 -> Кобошева Надежда Николаевна | Q11: ='Справочник'!$F$6 -> 8 (38822) 2 55 38 | R11: показатель согласован 20.04.2023 17:20 | S11: Аналитика согласована 21.04.2023 11:30
B12: Среднесписочная численность работников (без внешних совместителей) крупных и средних предприятий и некоммерческих организаций (без субъектов малого предпринимательства) | C12: человек | D12: 2587 | E12: 2684 | F12: 2657 | G12: 2609 | H12: 2612 | I12: 2613 | J12: 2614 | L12: Самтарова Марина Айдаровна | M12: 388(48)22-4-36 | N12: 0.47569444 | O12: Показатели для согласования | P12: ='Справочник'!$E$6 -> Кобошева Надежда Николаевна | Q12: ='Справочник'!$F$6 -> 8 (38822) 2 55 38 | R12: показатель согласован 20.04.2023 17:20 | S12: Аналитика согласована 21.04.2023 11:30
A13: 3 | B13: Объем инвестиций в основной капитал (за исключением бюджетных средств) в расчете на 1 жителя | C13: рублей | D13: =IF((D14-D15)=0,0,((D14-D15)/'Организация муниципального упра'!D20)) -> 218236.41 | E13: =IF((E14-E15)=0,0,((E14-E15)/'Организация муниципального упра'!E20)) -> 11555.417 | F13: =IF((F14-F15)=0,0,((F14-F15)/'Организация муниципального упра'!F20)) -> 5520.9066 | G13: =IF((G14-G15)=0,0,((G14-G15)/'Организация муниципального упра'!G20)) -> 6106.3546 | H13: =IF((H14-H15)=0,0,((H14-H15)/'Организация муниципального упра'!H20)) -> 6320.7807 | I13: =IF((I14-I15)=0,0,((I14-I15)/'Организация муниципального упра'!I20)) -> 6552.8478 | J13: =IF((J14-J15)=0,0,((J14-J15)/'Организация муниципального упра'!J20)) -> 6784.9604 | K13: https://yadi.sk/i/qNE2kKib3U9fmv | P13: =Справочник!$E$8 -> Джадранова Ольга Асылбековна | Q13: =Справочник!$F$8 -> 8 (38822) 2 9511 | R13: показатель согласован 24.04.2023 17:25 | S13: Согласовано с пояснительной запиской
A14: справочно: | B14: Объем инвестиций в основной капитал - всего | C14: тыс. рублей | D14: 4204845 | E14: 488098 | F14: 408078 | G14: 650858 | H14: 676241.46 | I14: 703291.1 | J14: 731422.77 | L14: Кононова Лариса Викторовна | M14: 388(48)22263 | N14: 20.04.2023.9,00 | O14: Показатели и аналитика на согласование | P14: ='Справочник'!$E$8 -> Джадранова Ольга Асылбековна | Q14: ='Справочник'!$F$8 -> 8 (38822) 2 9511 | R14: показатель согласован 24.04.2023 17:25 | S14: Согласовано с пояснительной запиской
B15: Инвестиции в основной капитал за счет бюджетных средств | C15: тыс. рублей | D15: 684037 | E15: 302622 | F15: 320141 | G15: 554860 | H15: 576499.54 | I15: 599559.52 | J15: 623541.9 | L15: Кононова Лариса Викторовна | M15: 388(48)22263 | N15: 20.04.2023.9,00 | O15: Показатели и аналитика на согласование | P15: ='Справочник'!$E$8 -> Джадранова Ольга Асылбековна | Q15: ='Справочник'!$F$8 -> 8 (38822) 2 9511 | R15: показатель согласован 24.04.2023 17:25 | S15: Согласовано с пояснительной запиской
A16: 4 | B16: Доля площади земельных участков, являющихся объектами налогообложения земельным налогом, в общей площади территории городского округа (муниципального района) | C16: процентов | D16: =IF(D17=0,0,D17/D18*100) -> 30.015136 | E16: =IF(E17=0,0,E17/E18*100) -> 30.057826 | F16: =IF(F17=0,0,F17/F18*100) -> 30.084494 | G16: =IF(G17=0,0,G17/G18*100) -> 30.146849 | H16: =IF(H17=0,0,H17/H18*100) -> 30.180993 | I16: =IF(I17=0,0,I17/I18*100) -> 30.227319 | J16: =IF(J17=0,0,J17/J18*100) -> 30.265923 | K16: https://yadi.sk/i/qNE2kKib3U9fmv | P16: =Справочник!E9 -> Ялбаков Аржан Владимирович | Q16: =Справочник!F9 -> 8 (38822) 2-26-08 | R16: 45040 | S16: Согласовано
A17: справочно: | B17: Площадь земельных участков, являющихся объектами налогообложения земельным налогом | C17: га | D17: 388751.84 | E17: 389304.76 | F17: 389650.16 | G17: 390457.77 | H17: 390900 | I17: 391500 | J17: 392000 | L17: Казанцев Алексей Николаевич | M17: 8 (38848) 22021 | N17: 45028.508 | O17: Показатели для согласования | P17: =Справочник!E9 -> Ялбаков Аржан Владимирович | Q17: =Справочник!F9 -> 8 (38822) 2-26-08 | R17: 45040 | S17: Согласовано
B18: Общая площадь территории городского округа (муниципального района) | C18: га | D18: 1295186 | E18: 1295186 | F18: 1295186 | G18: 1295186 | H18: 1295186 | I18: 1295186 | J18: 1295186 | L18: Казанцев Алексей Николаевич | M18: 8 (38848) 22021 | N18: 45028.508 | O18: Показатели для согласования | P18: =Справочник!E9 -> Ялбаков Аржан Владимирович | Q18: =Справочник!F9 -> 8 (38822) 2-26-08 | R18: 45040 | S18: Согласовано
A19: 5 | B19: Доля прибыльных сельскохозяйственных организаций в общем их числе | C19: процентов | D19: =IF(D20=0,0,D20/D21*100) -> 90.47619 | E19: =IF(E20=0,0,E20/E21*100) -> 100 | F19: =IF(F20=0,0,F20/F21*100) -> 94.736842 | G19: =IF(G20=0,0,G20/G21*100) -> 94.736842 | H19: =IF(H20=0,0,H20/H21*100) -> 94.736842 | I19: =IF(I20=0,0,I20/I21*100) -> 94.736842 | J19: =IF(J20=0,0,J20/J21*100) -> 94.736842 | K19: https://yadi.sk/i/qNE2kKib3U9fmv | P19: =Справочник!$E$10 -> Абраменко Геннадий Сергеевич | Q19: =Справочник!$F$10 -> 8 (38822) 2 12 48 | R19: 18.04.2023; 10:11 | S19: согласовано с пояснительной запиской
A20: справочно: | B20: Число прибыльных сельскохозяйственных организаций (для муниципальных районов) | C20: единиц | D20: 19 | E20: 17 | F20: 18 | G20: 18 | H20: 18 | I20: 18 | J20: 18 | L20: Муранова Юлия Евгеньевна | M20: 8 (38848) 22471 | N20: 45033.449 | O20: Показатели и пояснительная для согласования | P20: ='Справочник'!$E$10 -> Абраменко Геннадий Сергеевич | Q20: ='Справочник'!$F$10 -> 8 (38822) 2 12 48 | R20: 18.04.2023; 10:11 | S20: согласовано с пояснительной запиской
B21: Общее число сельскохозяйственных организаций (для муниципальных районов) | C21: единиц | D21: 21 | E21: 17 | F21: 19 | G21: 19 | H21: 19 | I21: 19 | J21: 19 | L21: Муранова Юлия Евгеньевна | M21: 8 (38848) 22471 | N21: 45033.449 | O21: Показатели и пояснительная для согласования | P21: ='Справочник'!$E$10 -> Абраменко Геннадий Сергеевич | Q21: ='Справочник'!$F$10 -> 8 (38822) 2 12 48 | R21: 18.04.2023; 10:11 | S21: согласовано с пояснительной запиской
A22: 6 | B22: Доля протяженности автомобильных дорог общего пользования местного значения, не отвечающих нормативным требованиям, в общей протяженности автомобильных дорог общего пользования местного значения | C22: процентов | D22: =IF(D23=0,0,D23/D24*100) -> 84.991681 | E22: =IF(E23=0,0,E23/E24*100) -> 59.032038 | F22: =IF(F23=0,0,F23/F24*100) -> 59.032038 | G22: =IF(G23=0,0,G23/G24*100) -> 58.991826 | H22: =IF(H23=0,0,H23/H24*100) -> 58.583106 | I22: =IF(I23=0,0,I23/I24*100) -> 58.242507 | J22: =IF(J23=0,0,J23/J24*100) -> 57.901907 | K22: https://yadi.sk/i/qNE2kKib3U9fmv | P22: =Справочник!$E$11 -> Хорошилова Алена Михайловна | Q22: =Справочник!$F$11 -> 8 (38822) 2 22 37 | R22: 17.04.2023, 15:27 | S22: Согласовано с пояснительнойзапиской
A23: справочно: | B23: Протяженность автомобильных дорог общего пользования местного значения, не отвечающих нормативным требованиям | C23: километров | D23: 255.4 | E23: 173.2 | F23: 173.2 | G23: 173.2 | H23: 172 | I23: 171 | J23: 170 | L23: Масьянова Екатерина Владимировна | M23: 83884822128 | N23: 9:36 17.04.2023 г | O23: Показатель и пояснительная на согласование | P23: ='Справочник'!$E$11 -> Хорошилова Алена Михайловна | Q23: ='Справочник'!$F$11 -> 8 (38822) 2 22 37 | R23: 17.04.2023, 15:28 | S23: Согласовано с пояснительнойзапиской
B24: Протяженность автомобильных дорог общего пользования местного значения | C24: километров | D24: 300.5 | E24: 293.4 | F24: 293.4 | G24: 293.6 | H24: 293.6 | I24: 293.6 | J24: 293.6 | L24: Масьянова Екатерина Владимировна | M24: 83884822128 | N24: 9:37 17.04.2023 г | O24: Показатель и пояснительная на согласование | P24: ='Справочник'!$E$11 -> Хорошилова Алена Михайловна | Q24: ='Справочник'!$F$11 -> 8 (38822) 2 22 37 | R24: 17.04.2023, 15:29 | S24: Согласовано с пояснительнойзапиской
A25: 7 | B25: Доля населения, проживающего в населенных пунктах, не имеющих регулярного автобусного и (или) железнодорожного сообщения с административным центром городского округа (муниципального района), в общей численности населения городского округа (муниципального района) | C25: процентов | D25: =IF((('Организация муниципального упра'!D20*1000-'Экономическое развитие'!D26))=0,0,(('Организация муниципального упра'!D20*1000-'Экономическое развитие'!D26)/('Организация муниципального упра'!D20*1000))*100) -> 0 | E25: =IF((('Организация муниципального упра'!E20*1000-'Экономическое развитие'!E26))=0,0,(('Организация муниципального упра'!E20*1000-'Экономическое развитие'!E26)/('Организация муниципального упра'!E20*1000))*100) -> -1.1332561e-14 | F25: =IF((('Организация муниципального упра'!F20*1000-'Экономическое развитие'!F26))=0,0,(('Организация муниципального упра'!F20*1000-'Экономическое развитие'!F26)/('Организация муниципального упра'!F20*1000))*100) -> 0 | G25: =IF((('Организация муниципального упра'!G20*1000-'Экономическое развитие'!G26))=0,0,(('Организация муниципального упра'!G20*1000-'Экономическое развитие'!G26)/('Организация муниципального упра'!G20*1000))*100) -> 0 | H25: =IF((('Организация муниципального упра'!H20*1000-'Экономическое развитие'!H26))=0,0,(('Организация муниципального упра'!H20*1000-'Экономическое развитие'!H26)/('Организация муниципального упра'!H20*1000))*100) -> 0.31685678 | I25: =IF((('Организация муниципального упра'!I20*1000-'Экономическое развитие'!I26))=0,0,(('Организация муниципального упра'!I20*1000-'Экономическое развитие'!I26)/('Организация муниципального упра'!I20*1000))*100) -> 0.56854075 | J25: =IF((('Организация муниципального упра'!J20*1000-'Экономическое развитие'!J26))=0,0,(('Организация муниципального упра'!J20*1000-'Экономическое развитие'!J26)/('Организация муниципального упра'!J20*1000))*100) -> 0.94339623 | K25: https://yadi.sk/i/qNE2kKib3U9fmv | P25: =Справочник!$E$12 -> Угрюмова Алеся Александровна | Q25: =Справочник!$F$12 -> 8 (38822) 2 60 59 | R25: 20.04.2023, 17.58 | S25: Согласовано вместе с пояснительной запиской
A26: справочно: | B26: Среднегодовая численность населения, проживающего в населенных пунктах, имеющих регулярное автобусное и (или) железнодорожное сообщение с административным центром городского округа (муниципального района) | D26: 16133 | E26: 16051 | F26: 15928 | G26: 15721 | H26: 15730 | I26: 15740 | J26: 15750 | L26: Кононова Лариса Викторовна | M26: 22263 | O26: показатель на согласование | P26: ='Справочник'!$E$12 -> Угрюмова Алеся Александровна | Q26: ='Справочник'!$F$12 -> 8 (38822) 2 60 59 | R26: 20.04.2023, 17.58 | S26: Согласовано вместе с пояснительной запиской
A27: 8 | B27: Среднемесячная номинальная начисленная заработная плата работников: | C27: рублей
B28: крупных и средних предприятий и некоммерческих организаций | C28: рублей | D28: 24755.6 | E28: 27305.2 | F28: 29234.8 | G28: 34009.4 | H28: 37409.9 | I28: 41150.89 | J28: 41150.89 | K28: https://yadi.sk/i/qNE2kKib3U9fmv | L28: Кононова Л.В. | M28: 23064 | N28: 45035 | O28: показатель на согласование | P28: Мусихина Татьяна Алексеевна | Q28: 8(388 22) 2-32-34 | R28: 24.04.2023 13.45 | S28: Согласовано
B29: муниципальных дошкольных образовательных учреждений | C29: рублей | D29: 21078.8 | E29: 21969.8 | F29: 25179.9 | G29: 28698.3 | H29: 29845 | I29: 31038 | J29: 31038 | K29: https://yadi.sk/i/qNE2kKib3U9fmv | L29: Рахманова Марина Николаевна | M29: 89136923110 | N29: 45037 | O29: Направлено на согласование | P29: =Справочник!$E15 -> Никитина Светлана Сергеевна | Q29: =Справочник!$F15 -> 8 (38822) 2 22 93 | R29: 24.04.2023; 12:15 | S29: Согласовано
B30: муниципальных общеобразовательных учреждений | C30: рублей | D30: 23301.8 | E30: 25740.7 | F30: 30619.1 | G30: 35589.1 | H30: 37012 | I30: 38492 | J30: 38492 | K30: https://yadi.sk/i/qNE2kKib3U9fmv | L30: Рахманова Марина Николаевна | M30: 89136923110 | N30: 45037 | O30: Направлено на согласование | R30: 24.04.2023; 12:16 | S30: Согласовано
B31: учителей муниципальных общеобразовательных учреждений | C31: рублей | D31: 25762 | E31: 27578.1 | F31: 33950.6 | G31: 40117.9 | H31: 41721 | I31: 43389 | J31: 43389 | K31: https://yadi.sk/i/qNE2kKib3U9fmv | L31: Рахманова Марина Николаевна | M31: 89136923110 | N31: 45037 | O31: Направлено на согласование | P31: =Справочник!$E17 -> Никитина Светлана Сергеевна | Q31: =Справочник!$F17 -> 8 (38822) 2 22 93 | R31: 21.04.2023; 17:00 | S31: Согласовано
B32: муниципальных учреждений культуры и искусства | C32: рублей | D32: 26581 | E32: 27695 | F32: 30269.30 | G32: 31169 | H32: 37704.91 | I32: 40345.5 | J32: 43151.04 | K32: https://yadi.sk/i/qNE2kKib3U9fmv | L32: Казанцева Жанна Григорьевна | M32: 83884822283 | N32: 45028 | O32: показатели для согласования | P32: ='Справочник'!$E18 -> Сабина Айару Эзеновна | Q32: ='Справочник'!$F18 -> 8 (38822) 2 55 88 | R32: 45035 | S32: согласовано
B33: муниципальных учреждений физической культуры и спорта | C33: рублей | D33: 0 | E33: 0 | F33: 0 | G33: 0 | K33: https://yadi.sk/i/qNE2kKib3U9fmv | P33: =Справочник!E19 -> Титанакова Татьяна Борисовна | Q33: =Справочник!F19 -> 8 (388 22) 6-11-90

Sheet Дошкольное образование
B1: ='Экономическое развитие'!$B$1 -> МО "Усть-Коксинский район"
A2: ='Экономическое развитие'!A2:K2 -> Заочное согласование показателей для оценки эфективности деятельности органов местного самоуправления муниципальных районов и городского округа в Республике Алтай за 2022 год и пояснительных записок к ним
A3: № показателя | B3: Наименование показателя | C3: Единицы измерения | D3: Отчетная информация | K3: пояснительная записка | L3: Муниципальное образовние | P3: Ведомство (согласование ПОЯСНИТЕЛЬНЫХ записок и ведомственных целевых показатателей)
D4: 2019 | E4: 2020 | F4: 2021 | G4: 2022 | H4: 2023 | I4: 2024 | J4: 2025 | L4: ФИО (полностью) | M4: контактный телефон (ОБЯЗАТЕЛЬНО) | N4: дата и время внесения на согласования (ОБЯЗАТЕЛЬНО) | O4: Комментарий ответственного сотрудника ОБЯЗАТЕЛЬНО | P4: ФИО (полностью) | Q4: контактный телефон (обязательно) | R4: дата и время согласования (ОБЯЗАТЕЛЬНО) | S4: комментарий ответственного сотрудника ОБЯЗАТЕЛЬНО
B5: II. Дошкольное образование
A6: 9 | B6: Доля детей в возрасте 1 - 6 лет, получающих дошкольную образовательную услугу и (или) услугу по их содержанию в муниципальных образовательных учреждениях в общей численности детей в возрасте 1 - 6 лет | C6: процентов | D6: =IF(D7=0,0,D7/D10*100) -> 74.936387 | E6: =IF(E7=0,0,E7/E10*100) -> 56.057753 | F6: =IF(F7=0,0,F7/F10*100) -> 71.678832 | G6: =IF(G7=0,0,G7/G10*100) -> 76.642336 | H6: =IF(H7=0,0,H7/H10*100) -> 76.811594 | I6: =IF(I7=0,0,I7/I10*100) -> 77.173913 | J6: =IF(J7=0,0,J7/J10*100) -> 77.536232 | K6: https://yadi.sk/i/qNE2kKib3U9fmv | L6: Шилова Екатерина Валерьевна | M6: 89833266567 | N6: 45035 | O6: направлено на согласование | P6: Костюнина Алена Анатольевна | Q6: =Справочник!$F$21 -> 8 (38822) 2 25 10 | R6: 21.04.2023 13.55 | S6: согласовано
A7: справочно: | B7: Число детей в возрасте 1-6 лет, получающих дошкольную образовательную услугу и (или) услугу по их содержанию в муниципальных образовательных учреждениях | C7: человек | D7: 1178 | E7: 893 | F7: 982 | G7: 1050 | H7: 1060 | I7: 1065 | J7: 1070 | L7: Шилова Екатерина Валерьевна | M7: 89833266567 | N7: 45035 | O7: направлено на согласование | P7: Костюнина Алена Анатольевна | Q7: ='Справочник'!$F$21 -> 8 (38822) 2 25 10 | R7: 21.04.2023 13.55 | S7: согласовано
A8: 10 | B8: Доля детей в возрасте 1 - 6 лет, стоящих на учете для определения в муниципальные дошкольные образовательные учреждения, в общей численности детей в возрасте 1 - 6 лет | C8: процентов | D8: =IF(D9=0,0,D9/D10*100) -> 8.5877863 | E8: =IF(E9=0,0,E9/E10*100) -> 6.0263653 | F8: =IF(F9=0,0,F9/F10*100) -> 4.5985401 | G8: =IF(G9=0,0,G9/G10*100) -> 9.4890511 | H8: =IF(H9=0,0,H9/H10*100) -> 6.1594203 | I8: =IF(I9=0,0,I9/I10*100) -> 6.1594203 | J8: =IF(J9=0,0,J9/J10*100) -> 6.1594203 | K8: https://yadi.sk/i/qNE2kKib3U9fmv | L8: Шилова Екатерина Валерьевна | M8: 89833266567 | N8: 45035 | O8: направлено на согласование | P8: Костюнина Алена Анатольевна | Q8: =Справочник!$F$22 -> 8 (38822) 2 25 10 | R8: 21.04.2023 13.55 | S8: согласовано
B9: Численность детей в возрасте 1-6 лет, состоящих на учете для определения в муниципальные дошкольные образовательные учреждения | C9: человек | D9: 135 | E9: 96 | F9: 63 | G9: 130 | H9: 85 | I9: 85 | J9: 85 | L9: Шилова Екатерина Валерьевна | M9: 89833266567 | N9: 45035 | O9: направлено на согласование | P9: Костюнина Алена Анатольевна | Q9: ='Справочник'!$F$22 -> 8 (38822) 2 25 10 | R9: 21.04.2023 13.55 | S9: согласовано
B10: Общая численность детей в возрасте 1-6 лет | C10: человек | D10: 1572 | E10: 1593 | F10: 1370 | G10: 1370 | H10: 1380 | I10: 1380 | J10: 1380 | L10: Шилова Екатерина Валерьевна | M10: 89833266567 | N10: 45035 | O10: направлено на согласование | P10: Костюнина Алена Анатольевна | Q10: ='Справочник'!$F$22 -> 8 (38822) 2 25 10 | R10: 21.04.2023 13.55 | S10: согласовано
A11: 11 | B11: Доля муниципальных дошкольных образовательных учреждений, здания которых находятся в аварийном состоянии или требуют капитального ремонта, в общем числе муниципальных дошкольных образовательных учреждений | C11: процентов | D11: =IF(D12=0,0,D12/D13*100) -> 57.692308 | E11: =IF(E12=0,0,E12/E13*100) -> 46.153846 | F11: =IF(F12=0,0,F12/F13*100) -> 46.153846 | G11: =IF(G12=0,0,G12/G13*100) -> 46.153846 | H11: =IF(H12=0,0,H12/H13*100) -> 46.153846 | I11: =IF(I12=0,0,I12/I13*100) -> 42.307692 | J11: =IF(J12=0,0,J12/J13*100) -> 38.461538 | K11: https://yadi.sk/i/qNE2kKib3U9fmv | L11: Шилова Екатерина Валерьевна | M11: 89833266567 | N11: 45035 | O11: направлено на согласование | P11: =Справочник!$E$23 -> Кергилова Галина Владимировна | Q11: =Справочник!$F$23 -> 8 (38822) 2 35 22 | R11: 21.04.2023 в 17.00 | S11: согласовано
A12: справочно: | B12: Количество муниципальных дошкольных образовательных учреждений, здания которых находятся в аварийном состоянии или требуют капитального ремонта | C12: единиц | D12: 15 | E12: 12 | F12: 12 | G12: 12 | H12: 12 | I12: 11 | J12: 10 | L12: Шилова Екатерина Валерьевна | M12: 89833266567 | N12: 45035 | O12: направлено на согласование | P12: ='Справочник'!$E$23 -> Кергилова Галина Владимировна | Q12: ='Справочник'!$F$23 -> 8 (38822) 2 35 22 | R12: 21.04.2023 в 17.00 | S12: согласовано
B13: Количество муниципальных дошкольных образовательных учреждений | C13: единиц | D13: 26 | E13: 26 | F13: 26 | G13: 26 | H13: 26 | I13: 26 | J13: 26 | L13: Шилова Екатерина Валерьевна | M13: 89833266567 | N13: 45035 | O13: направлено на согласование | P13: ='Справочник'!$E$23 -> Кергилова Галина Владимировна | Q13: ='Справочник'!$F$23 -> 8 (38822) 2 35 22 | R13: 21.04.2023 в 17.00 | S13: согласовано

Sheet Общее и доп образование
B1: ='Экономическое развитие'!$B$1 -> МО "Усть-Коксинский район"
A2: ='Экономическое развитие'!A2:K2 -> Заочное согласование показателей для оценки эфективности деятельности органов местного самоуправления муниципальных районов и городского округа в Республике Алтай за 2022 год и пояснительных записок к ним
A3: № показателя | B3: Наименование показателя | C3: Единицы измерения | D3: Отчетная информация | K3: пояснительная записка | L3: Муниципальное образовние | P3: Ведомство (согласование ПОЯСНИТЕЛЬНЫХ записок и ведомственных целевых показатателей)
D4: 2019 | E4: 2020 | F4: 2021 | G4: 2022 | H4: 2023 | I4: 2024 | J4: 2025 | L4: ФИО (полностью) | M4: контактный телефон (ОБЯЗАТЕЛЬНО) | N4: дата и время внесения на согласования (ОБЯЗАТЕЛЬНО) | O4: Комментарий ответственного сотрудника ОБЯЗАТЕЛЬНО | P4: ФИО (полностью) | Q4: контактный телефон (обязательно) | R4: дата и время согласования (ОБЯЗАТЕЛЬНО) | S4: комментарий ответственного сотрудника ОБЯЗАТЕЛЬНО
B5: III. Общее и дополнительное образование
A6: 12 | B6: Доля выпускников муниципальных общеобразовательных учреждений, не получивших аттестат о среднем (полном) образовании, в общей численности выпускников муниципальных общеобразовательных учреждений | C6: процентов | D6: =IF((D7-D8)=0,0,(D7-D8)/(D9+D10+D11+D12+D13+D14)*100) -> 0 | E6: =IF((E7+E8)=0,0,(E7+E8)/(E9+E10+E11+E12+E13+E14)*100) -> 0 | F6: =IF((F7+F8)=0,0,(F7+F8)/(F9+F10+F11+F12+F13+F14)*100) -> 0 | G6: =IF((G7+G8)=0,0,(G7+G8)/(G9+G10+G11+G12+G13+G14)*100) -> 4.8387097 | H6: =IF((H7+H8)=0,0,(H7+H8)/(H9+H10+H11+H12+H13+H14)*100) -> 0 | I6: =IF((I7+I8)=0,0,(I7+I8)/(I9+I10+I11+I12+I13+I14)*100) -> 0 | J6: =IF((J7+J8)=0,0,(J7+J8)/(J9+J10+J11+J12+J13+J14)*100) -> 0 | L6: Рахманова Марина Николаевна | M6: 89136923110 | N6: 45035 | O6: Направлено на согласование | P6: =Справочник!$E$25 -> Дзукаева Полина Александровна | Q6: =Справочник!$F$25 -> 8 (38822) 2 22 94 | R6: 19.04.2023, 12.50 | S6: согласовано
A7: справочно: | B7: Численность обучающихся выпускного класса общеобразовательных учреждений, не получивших аттестат о среднем (полном) образовании | C7: человек | D7: 0 | E7: 0 | F7: 0 | G7: 3 | H7: 0 | I7: 0 | J7: 0 | L7: Рахманова Марина Николаевна | M7: 89136923110 | N7: 45035 | O7: Направлено на согласование | P7: ='Справочник'!$E$25 -> Дзукаева Полина Александровна | Q7: ='Справочник'!$F$25 -> 8 (38822) 2 22 94 | R7: 19.04.2023, 12.50 | S7: согласовано
B8: Численность обучающихся выпускного класса интернатных общеобразовательных учреждений, не получивших аттестат о среднем (полном) образовании | C8: человек | D8: 0 | E8: 0 | F8: 0 | G8: 0 | H8: 0 | I8: 0 | J8: 0 | L8: Рахманова Марина Николаевна | M8: 89136923110 | N8: 45035 | O8: Направлено на согласование | P8: ='Справочник'!$E$25 -> Дзукаева Полина Александровна | Q8: ='Справочник'!$F$25 -> 8 (38822) 2 22 94 | R8: 19.04.2023, 12.30 | S8: согласовано
B9: Численность обучающихся 11 класса общеобразовательных организаций, допущенных к государственной итоговой аттестации | C9: человек | D9: 88 | E9: 79 | F9: 75 | G9: 62 | H9: 67 | I9: 78 | J9: 78 | L9: Рахманова Марина Николаевна | M9: 89136923110 | N9: 45035 | O9: Направлено на согласование | P9: ='Справочник'!$E$25 -> Дзукаева Полина Александровна | Q9: ='Справочник'!$F$25 -> 8 (38822) 2 22 94 | R9: 19.04.2023, 12.50 | S9: согласовано
B10: Численность обучающихся 12 класса общеобразовательных организаций, допущенных к государственной итоговой аттестации | C10: человек | D10: 0 | E10: 0 | F10: 0 | G10: 0 | H10: 0 | I10: 0 | J10: 0 | L10: Рахманова Марина Николаевна | M10: 89136923110 | N10: 45035 | O10: Направлено на согласование | P10: ='Справочник'!$E$25 -> Дзукаева Полина Александровна | Q10: ='Справочник'!$F$25 -> 8 (38822) 2 22 94 | R10: 19.04.2023, 12.30 | S10: согласовано
B11: Численность обучающихся, выдержавших экзамены экстерном за курс средней школы и получивших аттестат о среднем (полном) общем образовании, в общеобразовательных учреждениях | C11: человек | D11: 0 | E11: 0 | F11: 0 | G11: 0 | H11: 0 | I11: 0 | J11: 0 | L11: Рахманова Марина Николаевна | M11: 89136923110 | N11: 45035 | O11: Направлено на согласование | P11: ='Справочник'!$E$25 -> Дзукаева Полина Александровна | Q11: ='Справочник'!$F$25 -> 8 (38822) 2 22 94 | R11: 19.04.2023, 12.30 | S11: согласовано
B12: Численность обучающихся, окончившие 11 класс (окончили с аттестатом о среднем (полном) общем образовании), интернатные общеобразовательные учреждения | C12: человек | D12: 0 | E12: 0 | F12: 0 | G12: 0 | H12: 0 | I12: 0 | J12: 0 | L12: Рахманова Марина Николаевна | M12: 89136923110 | N12: 45035 | O12: Направлено на согласование | P12: ='Справочник'!$E$25 -> Дзукаева Полина Александровна | Q12: ='Справочник'!$F$25 -> 8 (38822) 2 22 94 | R12: 19.04.2023, 12.30 | S12: согласовано
B13: Численность обучающихся, окончившие 12 класс, интернатные общеобразовательные школы-интернаты | C13: человек | D13: 0 | E13: 0 | F13: 0 | G13: 0 | H13: 0 | I13: 0 | J13: 0 | L13: Рахманова Марина Николаевна | M13: 89136923110 | N13: 45035 | O13: Направлено на согласование | P13: ='Справочник'!$E$25 -> Дзукаева Полина Александровна | Q13: ='Справочник'!$F$25 -> 8 (38822) 2 22 94 | R13: 19.04.2023, 12.30 | S13: согласовано
B14: Численность обучающихся, выдержавших экзамены экстерном за курс средней школы и получивших аттестат о среднем (полном) общем образовании, в интернатных общеобразовательных учреждениях | C14: человек | D14: 0 | E14: 0 | F14: 0 | G14: 0 | H14: 0 | I14: 0 | J14: 0 | L14: Рахманова Марина Николаевна | M14: 89136923110 | N14: 45035 | O14: Направлено на согласование | P14: ='Справочник'!$E$25 -> Дзукаева Полина Александровна | Q14: ='Справочник'!$F$25 -> 8 (38822) 2 22 94 | R14: 19.04.2023, 12.30 | S14: согласовано
A15: 13 | B15: Доля муниципальных общеобразовательных учреждений, соответствующих современным требованиям обучения, в общем количестве муниципальных общеобразовательных учреждений | C15: процентов | D15: =IF(D16=0,0,D16/D17*100) -> 50 | E15: =IF(E16=0,0,E16/E17*100) -> 65 | F15: =IF(F16=0,0,F16/F17*100) -> 70 | G15: =IF(G16=0,0,G16/G17*100) -> 70 | H15: =IF(H16=0,0,H16/H17*100) -> 85 | I15: =IF(I16=0,0,I16/I17*100) -> 85 | J15: =IF(J16=0,0,J16/J17*100) -> 85 | K15: https://yadi.sk/i/qNE2kKib3U9fmv | L15: Рахманова Марина Николаевна | M15: 89136923110 | N15: 45035 | O15: Направлено на согласование | P15: =Справочник!$E$26 -> Кергилова Галина Владимировна | Q15: =Справочник!$F$26 -> 8 (38822) 2 35 22 | R15: 21.04.2023 в 17.00 | S15: согласовано
A16: справочно: | B16: Число муниципальных общеобразовательных учреждений, соответствующих современным требованиям обучения | C16: единиц | D16: 10 | E16: 13 | F16: 14 | G16: 14 | H16: 17 | I16: 17 | J16: 17 | L16: Рахманова Марина Николаевна | M16: 89136923110 | N16: 45035 | O16: Направлено на согласование | P16: ='Справочник'!$E$26 -> Кергилова Галина Владимировна | Q16: ='Справочник'!$F$26 -> 8 (38822) 2 35 22 | R16: 21.04.2023 в 17.00 | S16: согласовано
B17: Общее количество муниципальных общеобразовательных учреждений | C17: единиц | D17: 20 | E17: 20 | F17: 20 | G17: 20 | H17: 20 | I17: 20 | J17: 20 | L17: Рахманова Марина Николаевна | M17: 89136923110 | N17: 45035 | O17: Направлено на согласование | P17: ='Справочник'!$E$26 -> Кергилова Галина Владимировна | Q17: ='Справочник'!$F$26 -> 8 (38822) 2 35 22 | R17: 21.04.2023 в 17.00 | S17: согласовано
A18: 14 | B18: Доля муниципальных общеобразовательных учреждений, здания которых находятся в аварийном состоянии или требуют капитального ремонта, в общем количестве муниципальных общеобразовательных учреждений | C18: процентов | D18: =IF(D19=0,0,D19/D17*100) -> 50 | E18: =IF(E19=0,0,E19/E17*100) -> 25 | F18: =IF(F19=0,0,F19/F17*100) -> 70 | G18: =IF(G19=0,0,G19/G17*100) -> 60 | H18: =IF(H19=0,0,H19/H17*100) -> 45 | I18: =IF(I19=0,0,I19/I17*100) -> 45 | J18: =IF(J19=0,0,J19/J17*100) -> 45 | K18: https://yadi.sk/i/qNE2kKib3U9fmv | L18: Рахманова Марина Николаевна | M18: 89136923110 | N18: 45035 | O18: Направлено на согласование | P18: ='Справочник'!$E$26 -> Кергилова Галина Владимировна | Q18: ='Справочник'!$F$26 -> 8 (38822) 2 35 22 | R18: 21.04.2023 в 17.00 | S18: согласовано
A19: справочно: | B19: Количество муниципальных общеобразовательных учреждений, здания которых находятся в аварийном состоянии или требуют капитального ремонта | C19: единиц | D19: 10 | E19: 5 | F19: 14 | G19: 12 | H19: 9 | I19: 9 | J19: 9 | L19: Рахманова Марина Николаевна | M19: 89136923110 | N19: 45035 | O19: Направлено на согласование | P19: ='Справочник'!$E$26 -> Кергилова Галина Владимировна | Q19: ='Справочник'!$F$26 -> 8 (38822) 2 35 22 | R19: 21.04.2023 в 17.00 | S19: согласовано
A20: 15 | B20: Доля детей первой и второй групп здоровья в общей численности обучающихся в муниципальных общеобразовательных учреждениях | C20: процентов | D20: =IF(D21=0,0,D21/D22*100) -> 89.572471 | E20: =IF(E21=0,0,E21/E22*100) -> 91.038697 | F20: =IF(F21=0,0,F21/F22*100) -> 89.120612 | G20: 86.33 | H20: =IF(H21=0,0,H21/H22*100) -> 86.612576 | I20: =IF(I21=0,0,I21/I22*100) -> 86.612576 | J20: =IF(J21=0,0,J21/J22*100) -> 86.612576 | L20: Рахманова Марина Николаевна | M20: 89136923110 | N20: 45037 | O20: Исправлено, Направлено на согласование | P20: =Справочник!$E$28 -> Чернышова Татьяна Анатольевна | Q20: =Справочник!$F$28 -> 8 (38822) 2 64 91 | R20: 21.04.2023, 12:21 | S20: согласовано
A21: справочно: | B21: Численность детей первой и второй групп здоровья, обучающихся в муниципальных общеобразовательных учреждениях | C21: человек | D21: 2577 | E21: 2682 | F21: 2564 | G21: 2135 | H21: 2135 | I21: 2135 | J21: 2135 | L21: Рахманова Марина Николаевна | M21: 89136923110 | N21: 45037 | O21: Исправлено, Направлено на согласование | P21: ='Справочник'!$E$28 -> Чернышова Татьяна Анатольевна | Q21: ='Справочник'!$F$28 -> 8 (38822) 2 64 91 | R21: 21.04.2023, 12:21 | S21: согласовано
B22: Общее число осмотренных детей, обучающихся в муниципальных общеобразовательных учреждениях | C22: человек | D22: 2877 | E22: 2946 | F22: 2877 | G22: 2465 | H22: 2465 | I22: 2465 | J22: 2465 | L22: Рахманова Марина Николаевна | M22: 89136923110 | N22: 45037 | O22: Исправлено, Направлено на согласование | P22: =Справочник!E30 -> Чернышова Татьяна Анатольевна | Q22: =Справочник!F30 -> 9 (38822) 2 64 91 | R22: 21.04.2023, 12:21 | S22: согласовано
A23: 16 | B23: Доля обучающихся в муниципальных общеобразовательных учреждениях, занимающихся во вторую (третью) смену, в общей численности обучающихся в муниципальных общеобразовательных учреждениях | C23: процентов | D23: =IF(D24=0,0,D24/D25*100) -> 21.2374 | E23: =IF(E24=0,0,E24/E25*100) -> 26.140351 | F23: =IF(F24=0,0,F24/F25*100) -> 23.114525 | G23: =IF(G24=0,0,G24/G25*100) -> 24.115198 | H23: =IF(H24=0,0,H24/H25*100) -> 24.115198 | I23: =IF(I24=0,0,I24/I25*100) -> 24.115198 | J23: =IF(J24=0,0,J24/J25*100) -> 24.115198 | L23: Рахманова Марина Николаевна | M23: 89136923110 | N23: 45035 | O23: Направлено на согласование | P23: =Справочник!$E$31 -> Бидинова Карина Борисовна | Q23: =Справочник!$F$31 -> 8 (38822) 2 71 34 | R23: 21.04.2023, 16:08 | S23: согласовано
A24: справочно: | B24: Число обучающихся в муниципальных общеобразовательных учреждениях, занимающихся во вторую (третью) смену | C24: человек | D24: 611 | E24: 745 | F24: 662 | G24: 695 | H24: 695 | I24: 695 | J24: 695 | L24: Рахманова Марина Николаевна | M24: 89136923110 | N24: 45035 | O24: Направлено на согласование | P24: ='Справочник'!$E$31 -> Бидинова Карина Борисовна | Q24: ='Справочник'!$F$31 -> 8 (38822) 2 71 34 | R24: 21.04.2023, 16:08 | S24: согласовано
B25: Численность детей, обучающихся в муниципальных общеобразовательных учреждениях, без учета обучающихся вечерних (сменных) общеобразовательных организаций | C25: человек | D25: 2877 | E25: 2850 | F25: 2864 | G25: 2882 | H25: 2882 | I25: 2882 | J25: 2882 | L25: Рахманова Марина Николаевна | M25: 89136923110 | N25: 45035 | O25: Направлено на согласование | P25: =[1]Справочник!$E$31 -> Бокова Алла Мироновна | Q25: =[1]Справочник!$F$31 -> 8 (38822) 2 31 03 | R25: 21.04.2023, 16:08 | S25: согласовано
A26: 17 | B26: Расходы бюджета муниципального образования на общее образование в расчете на 1 обучающегося в муниципальных общеобразовательных учреждениях | C26: тысяч рублей | D26: =IF(D27=0,0,D27/D22) -> 77.829579 | E26: =IF(E27=0,0,E27/E28) -> 70.314351 | F26: =IF(F27=0,H270,F27/F28) -> 51.811453 | G26: =IF(G27=0,0,G27/G28) -> 61.669971 | H26: =IF(#REF!=0,0,#REF!/H28) -> #REF! | I26: =IF(I27=0,0,I27/I28) -> 72.481647 | J26: =IF(J27=0,0,J27/J28) -> 72.481647 | K26: https://yadi.sk/i/qNE2kKib3U9fmv | L26: Рахманова Марина Николаевна | M26: 89136923110 | N26: 45035 | O26: Направлено на согласование | P26: =Справочник!$E$32 -> Никитина Светлана Сергеевна | Q26: =Справочник!$F$32 -> 8 (38822) 2 22 93 | R26: 24.04.2023; 18:40 | S26: Согласовано
A27: справочно: | B27: Общий объем расходов бюджета муниципального образования на общее образование | C27: тыс. рублей | D27: 223915.7 | E27: 200395.9 | F27: 148388 | G27: 195345.8 | H27: 203158 | I27: 211284 | J27: 211284 | L27: Рахманова Марина Николаевна | M27: 89136923110 | N27: 45035 | O27: Направлено на согласование | P27: ='Справочник'!$E$32 -> Никитина Светлана Сергеевна | Q27: ='Справочник'!$F$32 -> 8 (38822) 2 22 93 | R27: 24.04.2023; 12:18 | S27: Согласовано
B28: Среднегодовая численность обучающихся в муниципальных общеобразовательных организациях | C28: человек | E28: 2850 | F28: 2864 | G28: 3167.6 | H28: 2915 | I28: 2915 | J28: 2915 | L28: Рахманова Марина Николаевна | M28: 89136923110 | N28: 45035 | O28: Направлено на согласование | R28: 24.04.2023; 18:40 | S28: Согласовано
A29: 18 | B29: Доля детей в возрасте 5 - 18 лет, получающих услуги по дополнительному образованию в организациях различной организационно-правовой формы и формы собственности, в общей численности детей данной возрастной группы | C29: процентов | D29: 56 | E29: =IF(E30=0,0,E30/E31*100) -> 65.111165 | F29: 75.58 | G29: =IF(G30=0,0,G30/G31*100) -> 77.260982 | H29: =IF(H30=0,0,H30/H31*100) -> 79.301423 | I29: =IF(I30=0,0,I30/I31*100) -> 80.103359 | J29: =IF(J30=0,0,J30/J31*100) -> 82.474227 | K29: https://yadi.sk/i/qNE2kKib3U9fmv | L29: 695 | M29: 89136923110 | N29: 45035 | O29: Направлено на согласование | P29: =Справочник!$E$33 -> Тырышкина Инга Владимировна | Q29: =Справочник!$F$33 -> 8 (38822) 2 37 22 | R29: 20.04.2023, 10.19 | S29: согласовано
A30: справочно: | B30: Число детей в возрасте 5-18 лет, получающих услуги по дополнительному образованию в организациях различной организационно-правовой формы и формы собственности | C30: человек | D30: 2117 | E30: 2665 | F30: 2954 | G30: 2990 | H30: 3065 | I30: 3100 | J30: 3200 | L30: Рахманова Марина Николаевна | M30: 89136923110 | N30: 45035 | O30: Направлено на согласование | P30: ='Справочник'!$E$33 -> Тырышкина Инга Владимировна | Q30: ='Справочник'!$F$33 -> 8 (38822) 2 37 22 | R30: 20.04.2023, 10.19 | S30: согласовано
B31: Общая численность детей в возрасте 5-18 лет | C31: человек | D31: 3780 | E31: 4093 | F31: 3908 | G31: 3870 | H31: 3865 | I31: 3870 | J31: 3880 | L31: Рахманова Марина Николаевна | M31: 89136923110 | N31: 45035 | O31: Направлено на согласование | P31: ='Справочник'!$E$33 -> Тырышкина Инга Владимировна | Q31: ='Справочник'!$F$33 -> 8 (38822) 2 37 22 | R31: 20.04.2023, 10.19 | S31: согласовано

Sheet Культура
B1: ='Экономическое развитие'!$B$1 -> МО "Усть-Коксинский район"
A2: ='Экономическое развитие'!A2:K2 -> Заочное согласование показателей для оценки эфективности деятельности органов местного самоуправления муниципальных районов и городского округа в Республике Алтай за 2022 год и пояснительных записок к ним
A3: № показателя | B3: Наименование показателя | C3: Единицы измерения | D3: Отчетная информация | K3: пояснительная записка | L3: Муниципальное образовние | P3: Ведомство (согласование ПОЯСНИТЕЛЬНЫХ записок и ведомственных целевых показатателей)
D4: 2019 | E4: 2020 | F4: 2021 | G4: 2022 | H4: 2023 | I4: 2024 | J4: 2025 | L4: ФИО (полностью) | M4: контактный телефон (ОБЯЗАТЕЛЬНО) | N4: дата и время внесения на согласования (ОБЯЗАТЕЛЬНО) | O4: Комментарий ответственного сотрудника ОБЯЗАТЕЛЬНО | P4: ФИО (полностью) | Q4: контактный телефон (обязательно) | R4: дата и время согласования (ОБЯЗАТЕЛЬНО) | S4: комментарий ответственного сотрудника ОБЯЗАТЕЛЬНО
B5: IV. Культура
A6: 19 | B6: Уровень фактической обеспеченности учреждениями культуры от нормативной потребности:
B7: клубами и учреждениями клубного типа | C7: процентов | D7: =IF(D8=0,0,D8/D9*100) -> 87.823504 | E7: =IF(E8=0,0,E8/E9*100) -> 96.428571 | F7: =IF(F8=0,0,F8/F9*100) -> 96.428571 | G7: =IF(G8=0,0,G8/G9*100) -> 96.428571 | H7: =IF(H8=0,0,H8/H9*100) -> 96.428571 | I7: =IF(I8=0,0,I8/I9*100) -> 96.428571 | J7: =IF(J8=0,0,J8/J9*100) -> 96.428571 | P7: Пильтина Чечеш Михайловна | Q7: =Справочник!$F$36 -> 8 (38822) 2 22 02 | R7: Согласован 21.04.2023 10:19 | S7: Замечаний нет
A8: справочно: | B8: Количество клубов и учреждений клубного типа | C8: единиц | D8: 2070 | E8: 27 | F8: 27 | G8: 27 | H8: 27 | I8: 27 | J8: 27 | L8: Казанцева Жанна Григорьевна | M8: 83884822283 | N8: 45036.443 | O8: показатели для согласования | P8: Пильтина Чечеш Михайловна | Q8: ='Справочник'!$F$36 -> 8 (38822) 2 22 02 | R8: Согласован 21.04.2023 10:19 | S8: Замечаний нет
B9: Требуемое количество клубов и учреждений клубного типа в соответствии с утвержденным нормативом | C9: единиц | D9: 2357 | E9: 28 | F9: 28 | G9: 28 | H9: 28 | I9: 28 | J9: 28 | L9: Казанцева Жанна Григорьевна | M9: 83884822283 | N9: 45036.443 | O9: показатели для согласования Аналитика доработана. | P9: Пильтина Чечеш Михайловна | Q9: ='Справочник'!$F$36 -> 8 (38822) 2 22 02 | R9: Согласован 21.04.2023 10:19 | S9: Замечаний нет
B10: библиотеками | C10: процентов | D10: =IF(D11=0,0,D11/D12*100) -> 86.363636 | E10: =IF(E11=0,0,E11/E12*100) -> 86.363636 | F10: =IF(F11=0,0,F11/F12*100) -> 86.363636 | G10: =IF(G11=0,0,G11/G12*100) -> 86.363636 | H10: =IF(H11=0,0,H11/H12*100) -> 86.363636 | I10: =IF(I11=0,0,I11/I12*100) -> 86.363636 | J10: =IF(J11=0,0,J11/J12*100) -> 86.363636 | K10: https://yadi.sk/i/qNE2kKib3U9fmv | P10: Пильтина Чечеш Михайловна | Q10: =Справочник!$F$37 -> 8 (38822) 2 22 02 | R10: Согласован 20.04.2023г. 15:48 | S10: Замечаний нет
A11: справочно: | B11: Количество библиотек | C11: единиц | D11: 19 | E11: 19 | F11: 19 | G11: 19 | H11: 19 | I11: 19 | J11: 19 | L11: Казанцева Жанна Григорьевна | M11: 83884822283 | N11: 45028.443 | O11: показатели для согласования | P11: Пильтина Чечеш Михайловна | Q11: ='Справочник'!$F$37 -> 8 (38822) 2 22 02 | R11: Согласован 20.04.2023г. 15:48 | S11: Замечаний нет
B12: Нормативная потребность в библиотеках | C12: единиц | D12: 22 | E12: 22 | F12: 22 | G12: 22 | H12: 22 | I12: 22 | J12: 22 | L12: Казанцева Жанна Григорьевна | M12: 83884822283 | N12: 45028.443 | O12: показатели для согласования | P12: Пильтина Чечеш Михайловна | Q12: ='Справочник'!$F$37 -> 8 (38822) 2 22 02 | R12: Согласован 20.04.2023г. 15:48 | S12: Замечаний нет
B13: парками культуры и отдыха | C13: процентов | D13: =IF(D14=0,0,D14/D15*100) -> 0 | E13: =IF(E14=0,0,E14/E15*100) -> 0 | F13: =IF(F14=0,0,F14/F15*100) -> 0 | G13: =IF(G14=0,0,G14/G15*100) -> 0 | H13: =IF(H14=0,0,H14/H15*100) -> 0 | I13: =IF(I14=0,0,I14/I15*100) -> 0 | J13: =IF(J14=0,0,J14/J15*100) -> 0 | K13: https://yadi.sk/i/qNE2kKib3U9fmv | P13: Пильтина Чечеш Михайловна | Q13: ='Справочник'!$F$37 -> 8 (38822) 2 22 02 | R13: Согласован 20.04.2023г. 15:48 | S13: Замечаний нет
A14: справочно: | B14: Количество парков культуры и отдыха | C14: единиц | D14: 0 | E14: 0 | F14: 0 | G14: 0 | H14: 0 | I14: 0 | J14: 0 | L14: Казанцева Жанна Григорьевна | M14: 83884822283 | N14: 45028.443 | O14: показатели для согласования | P14: Пильтина Чечеш Михайловна | Q14: =Справочник!$F$38 -> 8 (38822) 2 22 02 | R14: Согласован 20.04.2023г. 15:48 | S14: Замечаний нет
B15: Нормативная потребность в парках культуры и отдыха | C15: единиц | D15: 0 | E15: 0 | F15: 0 | G15: 0 | H15: 0 | I15: 0 | J15: 0 | L15: Казанцева Жанна Григорьевна | M15: 83884822283 | N15: 45028.443 | O15: показатели для согласования | P15: Пильтина Чечеш Михайловна | Q15: ='Справочник'!$F$38 -> 8 (38822) 2 22 02 | R15: Согласован 20.04.2023г. 15:48 | S15: Замечаний нет
A16: 20 | B16: Доля муниципальных учреждений культуры, здания которых находятся в аварийном состоянии или требуют капитального ремонта, в общем количестве муниципальных учреждений культуры | C16: процентов | D16: =IF(D17=0,0,D17/D18*100) -> 42.553191 | E16: =IF(E17=0,0,E17/E18*100) -> 42.553191 | F16: =IF(F17=0,0,F17/F18*100) -> 40.425532 | G16: =IF(G17=0,0,G17/G18*100) -> 40.425532 | H16: =IF(H17=0,0,H17/H18*100) -> 40.425532 | I16: =IF(I17=0,0,I17/I18*100) -> 40.425532 | J16: =IF(J17=0,0,J17/J18*100) -> 40.425532 | K16: https://yadi.sk/i/qNE2kKib3U9fmv | P16: Пильтина Чечеш Михайловна | Q16: =Справочник!$F$39 -> 8 (38822) 2 22 02 | R16: Согласован 21.04.2023 10:19 | S16: Замечаний нет
A17: справочно: | B17: Количество муниципальных учреждений культуры, здания которых находятся в аварийном состоянии или требуют капитального ремонта | C17: единиц | D17: 20 | E17: 20 | F17: 19 | G17: 19 | H17: 19 | I17: 19 | J17: 19 | L17: Казанцева Жанна Григорьевна | M17: 83884822283 | N17: 45028.443 | O17: показатели для согласования | P17: Пильтина Чечеш Михайловна | Q17: ='Справочник'!$F$39 -> 8 (38822) 2 22 02 | R17: Согласован 21.04.2023 10:19 | S17: Замечаний нет
B18: Общее количество муниципальных учреждений культуры | C18: единиц | D18: 47 | E18: 47 | F18: 47 | G18: 47 | H18: 47 | I18: 47 | J18: 47 | L18: Казанцева Жанна Григорьевна | M18: 83884822283 | N18: 45028.443 | O18: показатели для согласования | P18: Пильтина Чечеш Михайловна | Q18: ='Справочник'!$F$39 -> 8 (38822) 2 22 02 | R18: Согласован 21.04.2023 10:19 | S18: Замечаний нет
A19: 21 | B19: Доля объектов культурного наследия, находящихся в муниципальной собственности и требующих консервации или реставрации, в общем количестве объектов культурного наследия, находящихся в муниципальной собственности | C19: процентов | D19: =IF(D20=0,0,D20/D21*100) -> 0 | E19: =IF(E20=0,0,E20/E21*100) -> 0 | F19: =IF(F20=0,0,F20/F21*100) -> 0 | G19: =IF(G20=0,0,G20/G21*100) -> 0 | H19: =IF(H20=0,0,H20/H21*100) -> 0 | I19: =IF(I20=0,0,I20/I21*100) -> 0 | J19: =IF(J20=0,0,J20/J21*100) -> 0 | K19: https://yadi.sk/i/qNE2kKib3U9fmv | P19: =Справочник!$E$40 -> Киселёва Екатерина Игоревна | Q19: =Справочник!$F$40 -> 8 (38822) 2 41 73 8 913 695 6404 | R19: Согласовано 13.04.2023 10:38 | S19: Предложений и замечаний не имеется
A20: справочно: | B20: Количество объектов культурного наследия, находящихся в муниципальной собственности и требующих консервации или реставрации | C20: единиц | D20: 0 | E20: 0 | F20: 0 | G20: 0 | H20: 0 | I20: 0 | J20: 0 | L20: Казанцева Жанна Григорьевна | M20: 83884822283 | N20: 45028.443 | O20: показатели для согласования | P20: ='Справочник'!$E$40 -> Киселёва Екатерина Игоревна | Q20: ='Справочник'!$F$40 -> 8 (38822) 2 41 73 8 913 695 6404 | R20: Согласовано 13.04.2023 10:38 | S20: Предложений и замечаний не имеется
B21: Общее количество объектов культурного наследия, находящихся в муниципальной собственности | C21: единиц | D21: 0 | E21: 0 | F21: 0 | G21: 0 | H21: 0 | I21: 0 | J21: 0 | L21: Казанцева Жанна Григорьевна | M21: 83884822283 | N21: 45028.443 | O21: показатели для согласования | P21: ='Справочник'!$E$40 -> Киселёва Екатерина Игоревна | Q21: ='Справочник'!$F$40 -> 8 (38822) 2 41 73 8 913 695 6404 | R21: Согласовано 13.04.2023 10:38 | S21: Предложений и замечаний не имеется

Sheet Физическая культура и спорт
B1: ='Экономическое развитие'!$B$1 -> МО "Усть-Коксинский район"
A2: ='Экономическое развитие'!A2:K2 -> Заочное согласование показателей для оценки эфективности деятельности органов местного самоуправления муниципальных районов и городского округа в Республике Алтай за 2022 год и пояснительных записок к ним
A3: № показателя | B3: Наименование показателя | C3: Единицы измерения | D3: Отчетная информация | K3: пояснительная записка | L3: Муниципальное образовние | P3: Ведомство (согласование ПОЯСНИТЕЛЬНЫХ записок и ведомственных целевых показатателей)
D4: 2019 | E4: 2020 | F4: 2021 | G4: 2022 | H4: 2023 | I4: 2024 | J4: 2025 | L4: ФИО (полностью) | M4: контактный телефон (ОБЯЗАТЕЛЬНО) | N4: дата и время внесения на согласования (ОБЯЗАТЕЛЬНО) | O4: Комментарий ответственного сотрудника ОБЯЗАТЕЛЬНО | P4: ФИО (полностью) | Q4: контактный телефон (обязательно) | R4: дата и время согласования (ОБЯЗАТЕЛЬНО) | S4: комментарий ответственного сотрудника ОБЯЗАТЕЛЬНО
B5: V. Физическая культура и спорт
A6: 22 | B6: Доля населения, систематически занимающегося физической культурой и спортом | C6: процентов | D6: =IF(D7=0,0,D7/D8*100) -> #DIV/0! | E6: =IF(E7=0,0,E7/E8*100) -> 45.137747 | F6: =IF(F7=0,0,F7/F8*100) -> 52.423199 | G6: =IF(G7=0,0,G7/G8*100) -> 55.697892 | H6: =IF(H7=0,0,H7/H8*100) -> 55.733333 | I6: =IF(I7=0,0,I7/I8*100) -> 55.766667 | J6: =IF(J7=0,0,J7/J8*100) -> 55.8 | K6: https://yadi.sk/i/qNE2kKib3U9fmv | L6: Сахаров Николай Иосифович | M6: 8(38848)22265 | P6: =Справочник!$E$42 -> Титанакова Татьяна Борисовна | Q6: =Справочник!$F$42 -> 8 (388 22) 6-11-90 | R6: 17.04.2023 года 16.30 час | S6: согласовано
A7: справочно: | B7: Численность лиц, систематически занимающихся физической культурой и спортом | C7: человек | D7: 6153 | E7: 6865 | F7: 7918 | G7: 8348 | H7: 8360 | I7: 8365 | J7: 8370 | L7: Сахаров Николай Иосифович | M7: 8(38848)22265 | P7: ='Справочник'!$E$42 -> Титанакова Татьяна Борисовна | Q7: ='Справочник'!$F$42 -> 8 (388 22) 6-11-90 | R7: 17.04.2023 года 16.30 час | S7: согласовано
B8: Численность населения городского округа (муниципального района) в возрасте 3-79 лет на 1 января отчетного года | C8: человек | E8: 15209 | F8: 15104 | G8: 14988 | H8: 15000 | I8: 15000 | J8: 15000
A9: 23 | B9: Доля обучающихся, систематически занимающихся физической культурой и спортом, в общей численности обучающихся | C9: процентов | D9: =IF(D10=0,0,D10/D11*100) -> 100 | E9: =IF(E10=0,0,E10/E11*100) -> 89.444444 | F9: =IF(F10=0,0,F10/F11*100) -> 94.096021 | G9: 93.2 | H9: =IF(H10=0,0,H10/H11*100) -> 98.663697 | I9: =IF(I10=0,0,I10/I11*100) -> 98.775056 | J9: =IF(J10=0,0,J10/J11*100) -> 98.886414 | K9: https://yadi.sk/i/qNE2kKib3U9fmv | L9: Сахаров Николай Иосифович | M9: 8(38848)22265 | P9: =Справочник!$E$43 -> Титанакова Татьяна Борисовна | Q9: =Справочник!$F$43 -> 8 (388 22) 6-11-90 | R9: 17.04.2023 года 16.30 час | S9: согласовано
A10: справочно: | B10: Численность обучающихся, систематически занимающихся физической культурой и спортом | C10: человек | D10: 2694 | E10: 4186 | F10: 4351 | G10: 4426 | H10: 4430 | I10: 4435 | J10: 4440 | L10: Сахаров Николай Иосифович | M10: 8(38848)22265 | P10: ='Справочник'!$E$43 -> Титанакова Татьяна Борисовна | Q10: ='Справочник'!$F$43 -> 8 (388 22) 6-11-90 | R10: 17.04.2023 года 16.30 час | S10: согласовано
B11: Численность населения в возрасте от 3 до 18 лет на 1 января отчетного года | C11: человек | D11: 2694 | E11: 4680 | F11: 4624 | G11: 4486 | H11: 4490 | I11: 4490 | J11: 4490 | L11: Сахаров Николай Иосифович | M11: 8(38848)22265 | P11: ='Справочник'!$E$43 -> Титанакова Татьяна Борисовна | Q11: ='Справочник'!$F$43 -> 8 (388 22) 6-11-90 | R11: 17.04.2023 года 16.30 час | S11: согласовано

Sheet Жилищное строительство и обеспе
B1: ='Экономическое развитие'!$B$1 -> МО "Усть-Коксинский район"
A2: ='Экономическое развитие'!A2:K2 -> Заочное согласование показателей для оценки эфективности деятельности органов местного самоуправления муниципальных районов и городского округа в Республике Алтай за 2022 год и пояснительных записок к ним
A3: № показателя | B3: Наименование показателя | C3: Единицы измерения | D3: Отчетная информация | K3: пояснительная записка | L3: Муниципальное образовние | P3: Ведомство (согласование ПОЯСНИТЕЛЬНЫХ записок и ведомственных целевых показатателей)
D4: 2019 | E4: 2020 | F4: 2021 | G4: 2022 | H4: 2023 | I4: 2024 | J4: 2025 | L4: ФИО (полностью) | M4: контактный телефон (ОБЯЗАТЕЛЬНО) | N4: дата и время внесения на согласования (ОБЯЗАТЕЛЬНО) | O4: Комментарий ответственного сотрудника ОБЯЗАТЕЛЬНО | P4: ФИО (полностью) | Q4: контактный телефон (обязательно) | R4: дата и время согласования (ОБЯЗАТЕЛЬНО) | S4: комментарий ответственного сотрудника ОБЯЗАТЕЛЬНО
B5: VI. Жилищное строительство и обеспечение граждан жильем
A6: 24 | B6: Общая площадь жилых помещений, приходящаяся в среднем на одного жителя, - всего | C6: кв. метров | D6: =IF(D7=0,0,D7/'Организация муниципального упра'!D20/1000) -> 19.38883 | E6: =IF(E7=0,0,E7/E8) -> 19.967461 | F6: =IF(F7=0,0,F7/F8) -> 20.705386 | G6: =IF(G7=0,0,G7/G8) -> 21.522274 | H6: =IF(H7=0,0,H7/H8) -> 22 | I6: =IF(I7=0,0,I7/I8) -> 22.41875 | J6: =IF(J7=0,0,J7/J8) -> 22.829721 | K6: https://yadi.sk/i/qNE2kKib3U9fmv | P6: =Справочник!$E$45 -> Темирханова Гульсая Айтеновна | Q6: =Справочник!$F$45 -> 8 (388-22) 2 60 28 | R6: 17.04.2023, 17:15 | S6: согласовано
A7: справочно: | B7: Площадь всего жилищного фонда на конец года (за исключением служебного жилищного фонда федеральных органов исполнительной власти, в которых законодательством Российской Федерации предусмотрена военная и приравненная к ней служба) | C7: кв. метров | D7: 312800 | E7: 319100 | F7: 328698 | G7: 337706 | H7: 348700 | I7: 358700 | J7: 368700 | L7: Козлова Олеся Германовна | M7: 8(38848)22-0-21 | N7: 45028.468 | O7: показатели для согласования | P7: ='Справочник'!$E$45 -> Темирханова Гульсая Айтеновна | Q7: ='Справочник'!$F$45 -> 8 (388-22) 2 60 28 | R7: 17.04.2023, 17:16 | S7: согласовано
B8: Численность постоянного населения на конец года | C8: человек | D8: 16121 | E8: 15981 | F8: 15875 | G8: 15691 | H8: 15850 | I8: 16000 | J8: 16150 | P8: ='Справочник'!$E$45 -> Темирханова Гульсая Айтеновна | Q8: ='Справочник'!$F$45 -> 8 (388-22) 2 60 28 | R8: 17.04.2023, 17:16 | S8: Согласовано
B9: в том числе введенная в действие за один год | C9: кв. метров | D9: =IF((D10+D11)=0,0,(D10+D11)/('Организация муниципального упра'!D20*1000)) -> 0.40816959 | E9: =IF((E10+E11)=0,0,(E10+E11)/('Организация муниципального упра'!E20*1000)) -> 0.37212635 | F9: =IF((F10+F11)=0,0,(F10+F11)/('Организация муниципального упра'!F20*1000)) -> 0.60258664 | G9: =IF((G10+G11)=0,0,(G10+G11)/('Организация муниципального упра'!G20*1000)) -> 0.57299154 | H9: =IF((H10+H11)=0,0,(H10+H11)/('Организация муниципального упра'!H20*1000)) -> 0.58935361 | I9: =IF((I10+I11)=0,0,(I10+I11)/('Организация муниципального упра'!I20*1000)) -> 0.60138977 | J9: =IF((J10+J11)=0,0,(J10+J11)/('Организация муниципального упра'!J20*1000)) -> 0.61257862 | K9: https://yadi.sk/i/qNE2kKib3U9fmv | P9: ='Справочник'!$E$45 -> Темирханова Гульсая Айтеновна | Q9: ='Справочник'!$F$45 -> 8 (388-22) 2 60 28 | R9: 17.04.2023, 17:17 | S9: Согласовано
A10: справочно: | B10: Общая площадь жилых помещений в жилых и нежилых зданиях, введенных в действие за год организациями-застройщиками | C10: кв. метров | D10: 0 | E10: 180 | F10: 0 | G10: 70 | H10: 100 | I10: 120 | J10: 140 | L10: Козлова Олеся Германовна | M10: 8(38848)22-0-21 | N10: 45029.491 | O10: показатели для согласования | P10: ='Справочник'!$E$45 -> Темирханова Гульсая Айтеновна | Q10: ='Справочник'!$F$45 -> 8 (388-22) 2 60 28 | R10: 17.04.2023, 17:17 | S10: Согласовано
B11: Общая площадь жилых помещений в жилых домах, построенных населением за год | C11: кв. метров | D11: 6585 | E11: 5793 | F11: 9598 | G11: 8938 | H11: 9200 | I11: 9400 | J11: 9600 | P11: ='Справочник'!$E$45 -> Темирханова Гульсая Айтеновна | Q11: ='Справочник'!$F$45 -> 8 (388-22) 2 60 28 | R11: 17.04.2023, 17:17 | S11: Согласовано
A12: 25 | B12: Площадь земельных участков, предоставленных для строительства в расчете на 10 тыс. человек населения, - всего | C12: га | D12: =IF(D13=0,0,D13/('Организация муниципального упра'!D20)*10) -> 17.384243 | E12: =IF(E13=0,0,E13/('Организация муниципального упра'!E20)*10) -> 23.130646 | F12: =IF(F13=0,0,F13/('Организация муниципального упра'!F20)*10) -> 22.840281 | G12: =IF(G13=0,0,G13/('Организация муниципального упра'!G20)*10) -> 33.153107 | H12: =IF(H13=0,0,H13/('Организация муниципального упра'!H20)*10) -> 28.51711 | I12: =IF(I13=0,0,I13/('Организация муниципального упра'!I20)*10) -> 29.690461 | J12: =IF(J13=0,0,J13/('Организация муниципального упра'!J20)*10) -> 28.301887 | K12: https://yadi.sk/i/qNE2kKib3U9fmv | P12: =Справочник!$E$47 -> Темирханова Гульсая Айтеновна | Q12: =Справочник!$F$47 -> 8 (388-22) 2 60 28 | R12: 17.04.2023, 17:18 | S12: Согласовано
A13: справочно: | B13: Площадь земельных участков, предоставленных для строительства - всего | C13: га | D13: 28.046 | E13: 37.127 | F13: 36.38 | G13: 52.12 | H13: 45 | I13: 47 | J13: 45 | L13: Казанцев Алексей Николаевич | M13: 8(838848)22021 | N13: 45028.533 | O13: показатели для согласования | P13: ='Справочник'!$E$47 -> Темирханова Гульсая Айтеновна | Q13: ='Справочник'!$F$47 -> 8 (388-22) 2 60 28 | R13: 17.04.2023, 17:18 | S13: Согласовано
B14: в том числе земельных участков, предоставленных для жилищного строительства, индивидуального строительства и комплексного освоения в целях жилищного строительства | C14: га | D14: =IF((D15+D16)=0,0,(D15+D16)/'Организация муниципального упра'!D20*10) -> 16.774933 | E14: =IF((E15+E16)=0,0,(E15+E16)/'Организация муниципального упра'!E20*10) -> 21.406766 | F14: =IF((F15+F16)=0,0,(F15+F16)/'Организация муниципального упра'!F20*10) -> 21.9111 | G14: =IF((G15+G16)=0,0,(G15+G16)/'Организация муниципального упра'!G20*10) -> 32.249857 | H14: =IF((H15+H16)=0,0,(H15+H16)/'Организация муниципального упра'!H20*10) -> 27.249683 | I14: =IF((I15+I16)=0,0,(I15+I16)/'Организация муниципального упра'!I20*10) -> 27.795325 | J14: =IF((J15+J16)=0,0,(J15+J16)/'Организация муниципального упра'!J20*10) -> 27.044025 | K14: https://yadi.sk/i/qNE2kKib3U9fmv | P14: ='Справочник'!$E$47 -> Темирханова Гульсая Айтеновна | Q14: ='Справочник'!$F$47 -> 8 (388-22) 2 60 28 | R14: 17.04.2023, 17:19 | S14: Согласовано
A15: справочно: | B15: для жилищного строительства, индивидуального жилищного строительства | C15: га | D15: 27.063 | E15: 34.36 | F15: 34.9 | G15: 50.7 | H15: 43 | I15: 44 | J15: 43 | L15: Казанцев Алексей Николаевич | M15: 8(38848)22021 | N15: 45028 | O15: показатели для согласования | P15: ='Справочник'!$E$47 -> Темирханова Гульсая Айтеновна | Q15: ='Справочник'!$F$47 -> 8 (388-22) 2 60 28 | R15: 17.04.2023, 17:19 | S15: Согласовано
B16: для комплексного освоения в целях жилищного строительства | C16: га | D16: 0 | E16: 0 | F16: 0 | G16: 0 | H16: 0 | I16: 0 | J16: 0 | L16: Казанцев Алексей Николаевич | M16: 8(38848)22021 | N16: 45028 | O16: показатели для согласования | P16: ='Справочник'!$E$47 -> Темирханова Гульсая Айтеновна | Q16: ='Справочник'!$F$47 -> 8 (388-22) 2 60 28 | R16: 17.04.2023, 17:19 | S16: Согласовано
A17: 26 | B17: Площадь земельных участков, предоставленных для строительства, в отношении которых с даты принятия решения о предоставлении земельного участка или подписания протокола о результатах торгов (конкурсов, аукционов) не было получено разрешение на ввод в эксплуатацию: | C17: кв. метров | D17: =D18+D19 -> 0 | F17: =F18+F19 -> 0 | G17: =G18+G19 -> 0 | H17: =H18+H19 -> 0 | I17: =I18+I19 -> 0 | J17: =J18+J19 -> 0 | P17: =Справочник!$E$49 -> Темирханова Гульсая Айтеновна | Q17: =Справочник!$F$49 -> 8 (388-22) 2 60 28 | R17: 17.04.2023, 17:20 | S17: Согласовано
B18: объектов жилищного строительства - в течение 3 лет | C18: кв. метров | D18: 0 | E18: 0 | F18: 0 | G18: 0 | H18: 0 | I18: 0 | J18: 0 | K18: https://yadi.sk/i/qNE2kKib3U9fmv | L18: Казанцев Алексей Николаевич | M18: 8(38848)22021 | N18: 45028 | O18: показатели для согласования | P18: ='Справочник'!$E$49 -> Темирханова Гульсая Айтеновна | Q18: ='Справочник'!$F$49 -> 8 (388-22) 2 60 28 | R18: 17.04.2023, 17:20 | S18: Согласовано
B19: иных объектов капитального строительства - в течение 5 лет | C19: кв. метров | D19: 0 | E19: 0 | F19: 0 | G19: 0 | H19: 0 | I19: 0 | J19: 0 | K19: https://yadi.sk/i/qNE2kKib3U9fmv | L19: Казанцев Алексей Николаевич | M19: 8(38848)22021 | N19: 45028 | O19: показатели для согласования | P19: ='Справочник'!$E$49 -> Темирханова Гульсая Айтеновна | Q19: ='Справочник'!$F$49 -> 8 (388-22) 2 60 28 | R19: 18.04.2023, 12:51 | S19: согласовано

Sheet Жилищно-коммунальное хозяйство
B1: ='Экономическое развитие'!$B$1 -> МО "Усть-Коксинский район"
A2: ='Экономическое развитие'!A2:K2 -> Заочное согласование показателей для оценки эфективности деятельности органов местного самоуправления муниципальных районов и городского округа в Республике Алтай за 2022 год и пояснительных записок к ним
A3: № показателя | B3: Наименование показателя | C3: Единицы измерения | D3: Отчетная информация | K3: пояснительная записка | L3: Муниципальное образовние | P3: Ведомство (согласование ПОЯСНИТЕЛЬНЫХ записок и ведомственных целевых показатателей)
D4: 2019 | E4: 2020 | F4: 2021 | G4: 2022 | H4: 2023 | I4: 2024 | J4: 2025 | L4: ФИО (полностью) | M4: контактный телефон (ОБЯЗАТЕЛЬНО) | N4: дата и время внесения на согласования (ОБЯЗАТЕЛЬНО) | O4: Комментарий ответственного сотрудника ОБЯЗАТЕЛЬНО | P4: ФИО (полностью) | Q4: контактный телефон (обязательно) | R4: дата и время согласования (ОБЯЗАТЕЛЬНО) | S4: комментарий ответственного сотрудника ОБЯЗАТЕЛЬНО
B5: VII. Жилищно-коммунальное хозяйство
A6: 27 | B6: Доля многоквартирных домов, в которых собственники помещений выбрали и реализуют один из способов управления многоквартирными домами, в общем числе многоквартирных домов, в которых собственники помещений должны выбрать способ управления данными домами | C6: процентов | D6: =IF((D8+D9+D10+D11+D12)=0,0,(D8+D9+D10+D11+D12)/D7*100) -> 100 | E6: =IF((E8+E9+E10+E11+E12)=0,0,(E8+E9+E10+E11+E12)/E7*100) -> 0 | F6: =IF((F8+F9+F10+F11+F12)=0,0,(F8+F9+F10+F11+F12)/F7*100) -> 100 | G6: =IF((G8+G9+G10+G11+G12)=0,0,(G8+G9+G10+G11+G12)/G7*100) -> 84.210526 | H6: =IF((H8+H9+H10+H11+H12)=0,0,(H8+H9+H10+H11+H12)/H7*100) -> 100 | I6: =IF((I8+I9+I10+I11+I12)=0,0,(I8+I9+I10+I11+I12)/I7*100) -> 100 | J6: =IF((J8+J9+J10+J11+J12)=0,0,(J8+J9+J10+J11+J12)/J7*100) -> 100 | K6: https://yadi.sk/i/qNE2kKib3U9fmv | P6: =Справочник!$E$53 -> Гулькина Наталья Владимировна | Q6: =Справочник!$F$53 -> 8 (38822) 2 28 18 | R6: 19.04.2023 10.12 | S6: Согласовано
A7: справочно: | B7: Общее количество многоквартирных домов, в которых собственники помещений должны выбрать способ управления многоквартирными домами - всего | C7: единиц | D7: 20 | E7: 19 | F7: 19 | G7: 19 | H7: 19 | I7: 19 | J7: 19 | L7: Масьянова Екатерина Владимировна | M7: 83884822128 | N7: 10:12 17.04.2023 г. | O7: показатель и пояснительная на согласование | P7: ='Справочник'!$E$53 -> Гулькина Наталья Владимировна | Q7: ='Справочник'!$F$53 -> 8 (38822) 2 28 18 | R7: 19.04.2023 10.12 | S7: Согласовано
B8: количество многоквартирных домов по городскому округу (муниципальному району), управление которыми осуществляют собственники помещений | C8: единиц | D8: 16 | E8: 0 | F8: 2 | G8: 12 | H8: 16 | I8: 16 | J8: 16 | L8: Масьянова Екатерина Владимировна | M8: 83884822128 | N8: 10:12 17.04.2023 г. | O8: показатель и пояснительная на согласование | P8: ='Справочник'!$E$53 -> Гулькина Наталья Владимировна | Q8: ='Справочник'!$F$53 -> 8 (38822) 2 28 18 | R8: 19.04.2023 10.12 | S8: Согласовано
B9: количество многоквартирных домов по городскому округу (муниципальному району), управление которыми осуществляется товариществом собственников жилья либо жилищным кооперативом или иным специализированным потребительским кооперативом | C9: единиц | D9: 0 | E9: 0 | F9: 0 | G9: 0 | H9: 0 | I9: 0 | J9: 0 | L9: Масьянова Екатерина Владимировна | M9: 83884822128 | N9: 10:12 17.04.2023 г. | O9: показатель и пояснительная на согласование | P9: ='Справочник'!$E$53 -> Гулькина Наталья Владимировна | Q9: ='Справочник'!$F$53 -> 8 (38822) 2 28 18 | R9: 19.04.2023 10.12 | S9: Согласовано
B10: Количество многоквартирных домов, в которых собственники помещений выбрали и реализуют управление муниципальным или государственным учреждением либо предприятием | C10: единиц | D10: 3 | E10: 0 | F10: 0 | G10: 0 | H10: 0 | I10: 0 | J10: 0 | L10: Масьянова Екатерина Владимировна | M10: 83884822128 | N10: 10:12 17.04.2023 г. | O10: показатель и пояснительная на согласование | P10: ='Справочник'!$E$53 -> Гулькина Наталья Владимировна | Q10: ='Справочник'!$F$53 -> 8 (38822) 2 28 18 | R10: 19.04.2023 10.12 | S10: Согласовано
B11: Количество многоквартирных домов по городскому округу (муниципальному району), управление которыми осуществляется управляющей организацией частной формы собственности | C11: единиц | D11: 1 | E11: 0 | F11: 17 | G11: 4 | H11: 3 | I11: 3 | J11: 3 | L11: Масьянова Екатерина Владимировна | M11: 83884822128 | N11: 10:12 17.04.2023 г. | O11: показатель и пояснительная на согласование | P11: ='Справочник'!$E$53 -> Гулькина Наталья Владимировна | Q11: ='Справочник'!$F$53 -> 8 (38822) 2 28 18 | R11: 19.04.2023 10.12 | S11: Согласовано
B12: Количество многоквартирных домов, в которых собственники помещений выбрали и реализуют управление хозяйственным обществом с долей участия в уставном капитале субъекта Российской Федерации и (или) городского округа (муниципального района) не более 25 процентов | C12: единиц | D12: 0 | E12: 0 | F12: 0 | G12: 0 | H12: 0 | I12: 0 | J12: 0 | L12: Масьянова Екатерина Владимировна | M12: 83884822128 | N12: 10:12 17.04.2023 г. | O12: показатель и пояснительная на согласование | P12: ='Справочник'!$E$53 -> Гулькина Наталья Владимировна | Q12: ='Справочник'!$F$53 -> 8 (38822) 2 28 18 | R12: 19.04.2023 10.12 | S12: Согласовано
A13: 28 | B13: Доля организаций коммунального комплекса, осуществляющих производство товаров, оказание услуг по водо-, тепло-, газо-, электроснабжению, водоотведению, очистке сточных вод, утилизации (захоронению) твердых бытовых отходов и использующих объекты коммунальной инфраструктуры на праве частной собственности, по договору аренды или концессии, участие субъекта Российской Федерации и (или) городского округа (муниципального района) в уставном капитале которых составляет не более 25 процентов, в общем числе организаций коммунального комплекса, осуществляющих свою деятельность на территории городского округа (муниципального района) | C13: процентов | D13: =IF(D14=0,0,D14/D15*100) -> 100 | E13: =IF(E14=0,0,E14/E15*100) -> 0 | F13: =IF(F14=0,0,F14/F15*100) -> 0 | G13: =IF(G14=0,0,G14/G15*100) -> 0 | H13: =IF(H14=0,0,H14/H15*100) -> 0 | I13: =IF(I14=0,0,I14/I15*100) -> 0 | J13: =IF(J14=0,0,J14/J15*100) -> 0 | K13: https://yadi.sk/i/qNE2kKib3U9fmv | P13: =Справочник!$E$54 -> Гулькина Наталья Владимировна | Q13: =Справочник!$F$54 -> 8 (38822) 2 28 18 | R13: 19.04.2023 10.12 | S13: Согласовано
A14: справочно: | B14: Количество организаций коммунального комплекса, осуществляющих производство товаров, оказание услуг по водо-, тепло-, газо-, электроснабжению, водоотведению, очистке сточных вод, утилизации (захоронению) твердых бытовых отходов и использующих объекты коммунальной инфраструктуры на праве частной собственности, по договору аренды или концессии, участие субъекта Российской Федерации и (или) городского округа (муниципального района) в уставном капитале которых составляет не более 25 процентов | C14: единиц | D14: 2 | E14: 0 | F14: 0 | G14: 0 | H14: 0 | I14: 0 | J14: 0 | L14: Масьянова Екатерина Владимировна | M14: 83884822128 | N14: 10:12 17.04.2023 г. | O14: показатель и пояснительная на согласование | P14: ='Справочник'!$E$54 -> Гулькина Наталья Владимировна | Q14: ='Справочник'!$F$54 -> 8 (38822) 2 28 18 | R14: 19.04.2023 10.12 | S14: Согласовано
B15: Общее число организаций коммунального комплекса, осуществляющих свою деятельность на территории городского округа (муниципального района) | C15: единиц | D15: 2 | E15: 2 | F15: 2 | G15: 2 | H15: 2 | I15: 2 | J15: 2 | L15: Масьянова Екатерина Владимировна | M15: 83884822128 | N15: 10:12 17.04.2023 г. | O15: показатель и пояснительная на согласование | P15: ='Справочник'!$E$54 -> Гулькина Наталья Владимировна | Q15: ='Справочник'!$F$54 -> 8 (38822) 2 28 18 | R15: 19.04.2023 10.12 | S15: Согласовано
A16: 29 | B16: Доля многоквартирных домов, расположенных на земельных участках, в отношении которых осуществлен государственный кадастровый учет | C16: процентов | D16: =D17/D18*100 -> 100 | E16: =E17/E18*100 -> 100 | F16: =F17/F18*100 -> 100 | G16: =G17/G18*100 -> 100 | H16: =H17/H18*100 -> 100 | I16: =I17/I18*100 -> 100 | J16: =J17/J18*100 -> 100 | K16: https://yadi.sk/i/qNE2kKib3U9fmv | P16: =Справочник!$E$55 -> Темирханова Гульсая Айтеновна | Q16: =Справочник!$F$55 -> 8 (388-22) 2 60 28 | R16: 20.04.2023, 10:56 | S16: согласовано
A17: справочно: | B17: число многоквартирных домов, расположенных на земельных участках, в отношении которых осуществлен государственный кадастровый учет (единиц), в том числе по двухквартирным домам, расположенным на двух земельных участках, в отношении которых (каждого из двух) осуществлён государственный кадастровый учёт | C17: единиц | D17: 1083 | E17: 1085 | F17: 1085 | G17: 1085 | H17: 1086 | I17: 1087 | J17: 1088 | L17: Козлова Олеся Германовна | M17: 8(38848)22-0-21 | N17: 45034.421 | O17: показатели и пояснительная записка для согласования | P17: ='Справочник'!$E$55 -> Темирханова Гульсая Айтеновна | Q17: ='Справочник'!$F$55 -> 8 (388-22) 2 60 28 | R17: 20.04.2023, 10:56 | S17: согласовано
B18: общее число многоквартирных домов, имеющих разрешение на ввод в эксплуатацию | C18: единиц | D18: 1083 | E18: 1085 | F18: 1085 | G18: 1085 | H18: 1086 | I18: 1087 | J18: 1088 | P18: ='Справочник'!$E$55 -> Темирханова Гульсая Айтеновна | Q18: ='Справочник'!$F$55 -> 8 (388-22) 2 60 28 | R18: 20.04.2023, 10:56 | S18: согласовано
A19: 30 | B19: Доля населения, получившего жилые помещения и улучшившего жилищные условия в отчетном году, в общей численности населения, состоящего на учете в качестве нуждающегося в жилых помещениях | C19: процентов | D19: =IF(D20=0,0,D20/D21*100) -> 10.824742 | E19: =IF(E20=0,0,E20/E21*100) -> 7.2890026 | F19: =IF(F20=0,0,F20/F21*100) -> 4.3307087 | G19: 6.639 | H19: =IF(H20=0,0,H20/H21*100) -> 8.3783784 | I19: =IF(I20=0,0,I20/I21*100) -> 8.3776596 | J19: =IF(J20=0,0,J20/J21*100) -> 8.3443709 | K19: https://yadi.sk/i/qNE2kKib3U9fmv | P19: =Справочник!$E$56 -> Темирханова Гульсая Айтеновна | Q19: =Справочник!$F$56 -> 8 (388-22) 2 60 28 | R19: 20.04.2023, 10:56 | S19: согласовано
A20: справочно: | B20: Численность населения, получившего жилые помещения и улучшившего жилищные условия в отчетном году | C20: человек | D20: 84 | E20: 57 | F20: 33 | G20: 55 | H20: 62 | I20: 63 | J20: 63 | L20: Ишина Александра Ивановна | M20: 14298 | N20: 45036 | O20: показатели и пояснительная записка для согласования | P20: ='Справочник'!$E$56 -> Темирханова Гульсая Айтеновна | Q20: ='Справочник'!$F$56 -> 8 (388-22) 2 60 28 | R20: 20.04.2023, 10:55 | S20: согласовано
B21: Общая численность населения, состоящего на учете в качестве нуждающегося в жилых помещениях | C21: человек | D21: 776 | E21: 782 | F21: 762 | G21: 734 | H21: 740 | I21: 752 | J21: 755 | L21: Ишина Александра Ивановна | M21: 14298 | N21: 45036 | O21: показатели и пояснительная записка для согласования | P21: ='Справочник'!$E$56 -> Темирханова Гульсая Айтеновна | Q21: ='Справочник'!$F$56 -> 8 (388-22) 2 60 28 | R21: 20.04.2023, 10:55 | S21: согласовано

Sheet Организация муниципального упра
B1: ='Экономическое развитие'!$B$1 -> МО "Усть-Коксинский район"
A2: ='Экономическое развитие'!A2:K2 -> Заочное согласование показателей для оценки эфективности деятельности органов местного самоуправления муниципальных районов и городского округа в Республике Алтай за 2022 год и пояснительных записок к ним
A3: № показателя | B3: Наименование показателя | C3: Единицы измерения | D3: Отчетная информация | K3: пояснительная записка | L3: Муниципальное образовние | P3: Ведомство (согласование ПОЯСНИТЕЛЬНЫХ записок и ведомственных целевых показатателей)
D4: 2019 | E4: 2020 | F4: 2021 | G4: 2022 | H4: 2023 | I4: 2024 | J4: 2025 | L4: ФИО (полностью) | M4: контактный телефон (ОБЯЗАТЕЛЬНО) | N4: дата и время внесения на согласования (ОБЯЗАТЕЛЬНО) | O4: Комментарий ответственного сотрудника ОБЯЗАТЕЛЬНО | P4: ФИО (полностью) | Q4: контактный телефон (обязательно) | R4: дата и время согласования (ОБЯЗАТЕЛЬНО) | S4: комментарий ответственного сотрудника ОБЯЗАТЕЛЬНО
B5: VIII. Организация муниципального управления
A6: 31 | B6: Доля налоговых и неналоговых доходов местного бюджета (за исключением поступлений налоговых доходов по дополнительным нормативам отчислений) в общем объеме собственных доходов бюджета муниципального образования (без учета субвенций) | C6: процентов | D6: =IF(D7=0,0,D7/D8*100) -> 18.349891 | E6: =IF(E7=0,0,E7/E8*100) -> 26.626535 | F6: =IF(F7=0,0,F7/F8*100) -> 21.910683 | G6: =IF(G7=0,0,G7/G8*100) -> 26.577445 | H6: =IF(H7=0,0,H7/H8*100) -> 34.773143 | I6: =IF(I7=0,0,I7/I8*100) -> 46.006804 | J6: =IF(J7=0,0,J7/J8*100) -> 47.383514 | K6: https://yadi.sk/i/qNE2kKib3U9fmv | P6: =Справочник!$E$58 -> Тойлонова Элина Васильевна | Q6: =Справочник!$F$58 -> 8 (38822) 2 43 99 | R6: 20.04.2023г.,12-10 | S6: Показатели и аналитика согласованы
A7: справочно: | B7: Сумма налоговых и неналоговых доходов местного бюджета (за исключением поступлений налоговых доходов по дополнительным нормативам отчислений) | C7: рублей | D7: 1.5742928e+08 | E7: 1.8443147e+08 | F7: 1.9819388e+08 | G7: 2.3318454e+08 | H7: 257407282 | I7: 236986120 | J7: 244738910 | L7: Масловская Нина Владимировна | M7: 8(38848)23001 | N7: 11.04.2023г 14:23 | P7: =Справочник!E59 -> Тойлонова Элина Васильевна | Q7: =Справочник!F59 -> 8 (38822) 2 43 99 | R7: 12.04.2023г 14-32 | S7: показатели и аналитика согласованы
B8: Общий объем собственных доходов бюджета муниципального образования (без учета субвенций) | C8: рублей | D8: 8.5793035e+08 | E8: 6.9266042e+08 | F8: 9.0455365e+08 | G8: 8.7737756e+08 | H8: 7.4024738e+08 | I8: 5.1511103e+08 | J8: 5.1650646e+08 | L8: Масловская Нина Владимировна | M8: 8(38848)23001 | N8: 11.04.2023г 14:23 | P8: ='Справочник'!E60 -> Тадышева Анна Алексеевна | Q8: ='Справочник'!F60 -> 8 (38822) 2 26 75 | R8: 17.04.2023 г. 11:21 | S8: Показатели и аналитика согласованы
A9: 32 | B9: Доля основных фондов организаций муниципальной формы собственности, находящихся в стадии банкротства, в основных фондах организаций муниципальной формы собственности (на конец года по полной учетной стоимости) | C9: процентов | D9: =IF(D10=0,0,D10/D11*100) -> 0 | E9: =IF(E10=0,0,E10/E11*100) -> 0 | F9: =IF(F10=0,0,F10/F11*100) -> 0 | G9: =IF(G10=0,0,G10/G11*100) -> 0 | H9: =IF(H10=0,0,H10/H11*100) -> 0 | I9: =IF(I10=0,0,I10/I11*100) -> 0 | J9: =IF(J10=0,0,J10/J11*100) -> 0 | K9: https://yadi.sk/i/qNE2kKib3U9fmv | P9: ='Справочник'!E$61 -> Бабышев Амыр Сергеевич | Q9: ='Справочник'!F$61 -> 8(388) 2 71 36 | R9: 21.04.2023 г. 15:33 | S9: Показатель согласован
A10: справочно: | B10: Полная учетная стоимость основных фондов организаций муниципальной формы собственности, находящихся в стадии банкротства на конец года | C10: тыс. рублей | D10: 0 | E10: 0 | F10: 0 | G10: 0 | H10: 0 | I10: 0 | J10: 0 | L10: Булатов Анатолий Николаевич | M10: 93884822246 | N10: 13.04.2023г 11:45 | P10: =Справочник!E$61 -> Бабышев Амыр Сергеевич | Q10: =Справочник!F$61 -> 8(388) 2 71 36 | R10: 21.04.2023 г. 15:33 | S10: Согласовано
B11: Полная учетная стоимость основных фондов организаций муниципальной формы собственности (на конец года) | C11: тыс. рублей | D11: 711883 | E11: 847791 | F11: 1068710 | G11: 1128491.1 | H11: 1188451.1 | I11: 1188951.1 | J11: 1189701.1 | L11: Булатов Анатолий Николаевич | M11: 93884822246 | N11: 13.04.2023г 11:45 | P11: ='Справочник'!E$61 -> Бабышев Амыр Сергеевич | Q11: ='Справочник'!F$61 -> 8(388) 2 71 36 | R11: 21.04.2023 г. 15:33 | S11: Согласовано
A12: 33 | B12: Объем не завершенного в установленные сроки строительства, осуществляемого за счет средств бюджета городского округа (муниципального района) | C12: тыс. рублей | D12: 17272.7 | E12: 17272.7 | F12: 1667.903 | G12: 0 | H12: 0 | I12: 0 | J12: 0 | P12: =Справочник!$E$62 -> Герасимова Анастасия Алексеевна | Q12: =Справочник!$F$62 -> 8 (38822) 2 35 76 | R12: 17.04.2023, 16:02 | S12: Показатель и аналитика согласованы
A13: 34 | B13: Доля просроченной кредиторской задолженности по оплате труда (включая начисления на оплату труда) муниципальных учреждений в общем объеме расходов муниципального образования на оплату труда (включая начисления на оплату труда) | C13: процентов | D13: =IF(D14=0,0,D14/D15*100) -> 0 | E13: =IF(E14=0,0,E14/E15*100) -> 0 | F13: =IF(F14=0,0,F14/F15*100) -> 0 | G13: =IF(G14=0,0,G14/G15*100) -> 0 | H13: =IF(H14=0,0,H14/H15*100) -> 0 | I13: =IF(I14=0,0,I14/I15*100) -> 0 | J13: =IF(J14=0,0,J14/J15*100) -> 0 | K13: https://yadi.sk/i/qNE2kKib3U9fmv | P13: =Справочник!$E$63 -> Тадышева Анна Алексеевна | Q13: =Справочник!$F$63 -> 8 (38822) 2 26 75 | R13: 24.04.2023 г. 17:34 | S13: Показатели и аналитика согласованы
A14: справочно: | B14: Величина просроченной кредиторской задолженности по оплате труда (включая начисления на оплату труда) муниципальных учреждений на конец года | C14: тыс. рублей | D14: 0 | E14: 0 | F14: 0 | G14: 0 | H14: 0 | I14: 0 | J14: 0 | P14: ='Справочник'!$E$63 -> Тадышева Анна Алексеевна | Q14: ='Справочник'!$F$63 -> 8 (38822) 2 26 75 | R14: 24.04.2023 г. 17:34 | S14: Показатели и аналитика согласованы
B15: Общий объем расходов муниципального образования по оплате труда (включая начисления на оплату труда) | C15: тыс. рублей | D15: 508842.95 | E15: 541186.73 | F15: 601144.13 | G15: 665568.02 | H15: 671558.37 | I15: 672654.76 | J15: 672654.76 | L15: Булатов Анатолий Николаевич | M15: 93884822246 | N15: 13.04.2023г 11:45 | P15: ='Справочник'!$E$63 -> Тадышева Анна Алексеевна | Q15: ='Справочник'!$F$63 -> 8 (38822) 2 26 75 | R15: 24.04.2023 г. 17:34 | S15: Показатели и аналитика согласованы
A16: 35 | B16: Расходы бюджета муниципального образования на содержание работников органов местного самоуправления в расчете на одного жителя муниципального образования | C16: рублей | D16: =IF(D17=0,0,D17/D20) -> 3597.0845 | E16: =IF(E17=0,0,E17/E20) -> 3848.4407 | F16: =IF(F17=0,0,F17/F20) -> 3877.5979 | G16: =IF(G17=0,0,G17/G20) -> 5978.7623 | H16: =IF(H17=0,0,H17/H20) -> 6232.1893 | I16: =IF(I17=0,0,I17/I20) -> 6212.5045 | J16: =IF(J17=0,0,J17/J20) -> 6185.1539 | K16: https://yadi.sk/i/qNE2kKib3U9fmv | P16: =Справочник!$E$64 -> Тадышева Анна Алексеевна | Q16: =Справочник!$F$64 -> 8 (38822) 2 26 75 | R16: 17.04.2023 г. 11:20 | S16: Показатели и аналитика согласованы
A17: справочно: | B17: Общий объем расходов бюджета муниципального образования на содержание работников органов местного самоуправления - всего | C17: тыс. рублей | D17: 58031.764 | E17: 61771.321 | F17: 61762.38 | G17: 93992.122 | H17: 98343.947 | I17: 98343.947 | J17: 98343.947 | L17: Тебекова Светлана Михайловна | M17: 83884823001 | N17: 12.04.2023г 15:17 | P17: ='Справочник'!$E$64 -> Тадышева Анна Алексеевна | Q17: ='Справочник'!$F$64 -> 8 (38822) 2 26 75 | R17: 17.04.2023 г. 11:19 | S17: Показатели и аналитика согласованы
A18: 36 | B18: Наличие в городском округе (муниципальном районе) утвержденного генерального плана городского округа (схемы территориального планирования муниципального района) | C18: да/нет | D18: да | E18: да | F18: да | G18: да | H18: да | I18: да | J18: да | K18: https://yadi.sk/i/qNE2kKib3U9fmv | L18: Косинова Елена Викторовна | M18: 22-0-21 | N18: 45037 | O18: на согласование | P18: =Справочник!$E$65 -> Ченчубаева Лия Васильевна | Q18: =Справочник!$F$65 -> 8 (38822) 2 20 91 | R18: 21.04.2023 г. 16:33 | S18: Согласовано
A19: 37 | B19: Удовлетворенность населения деятельностью органов местного самоуправления городского округа (муниципального района) | C19: процентов от числа опрошен-ных | D19: 44.59 | E19: 66.1 | F19: 74 | G19: 67.1 | H19: 70 | I19: 75 | J19: 80 | K19: https://yadi.sk/i/qNE2kKib3U9fmv | L19: Кононова Лариса Викторовна | M19: 23064 | N19: 45033 | O19: На согласование | P19: =Справочник!D97 -> Мусихина Татьяна Алексеевна | Q19: =Справочник!E$96 -> 2 25 64 | R19: 19.04.2023 г. 9.30 | S19: Согласовано
A20: 38 | B20: Среднегодовая численность постоянного населения | C20: тыс. человек | D20: 16.133 | E20: 16.051 | F20: 15.928 | G20: 15.721 | H20: 15.78 | I20: 15.83 | J20: 15.9 | K20: https://yadi.sk/i/qNE2kKib3U9fmv | L20: Кононова Лариса Викторовна | M20: 23064 | N20: 45033 | O20: На согласование | P20: =Справочник!D97 -> Мусихина Татьяна Алексеевна | Q20: ='Справочник'!E$96 -> 2 25 64 | R20: 19.04.2023 г. 9.30 | S20: Согласовано

Sheet Энергосбережение и повышение эн
B1: ='Экономическое развитие'!$B$1 -> МО "Усть-Коксинский район"
A2: ='Экономическое развитие'!A2:K2 -> Заочное согласование показателей для оценки эфективности деятельности органов местного самоуправления муниципальных районов и городского округа в Республике Алтай за 2022 год и пояснительных записок к ним
A3: № показателя | B3: Наименование показателя | C3: Единицы измерения | D3: Отчетная информация | K3: пояснительная записка | L3: Муниципальное образовние | P3: Ведомство (согласование ПОЯСНИТЕЛЬНЫХ записок и ведомственных целевых показатателей)
D4: 2019 | E4: 2020 | F4: 2021 | G4: 2022 | H4: 2023 | I4: 2024 | J4: 2025 | L4: ФИО (полностью) | M4: контактный телефон (ОБЯЗАТЕЛЬНО) | N4: дата и время внесения на согласования (ОБЯЗАТЕЛЬНО) | O4: Комментарий ответственного сотрудника ОБЯЗАТЕЛЬНО | P4: ФИО (полностью) | Q4: контактный телефон (обязательно) | R4: дата и время согласования (ОБЯЗАТЕЛЬНО) | S4: комментарий ответственного сотрудника ОБЯЗАТЕЛЬНО
B5: IX. Энергосбережение иповышение энергетической эффективности
A6: 39 | B6: Удельная величина потребления энергетических ресурсов в многоквартирных домах:
B7: электрическая энергия | C7: кВт/ч на 1 прожи-вающего | D7: =IF(D8=0,0,D8/D9*1000) -> 986.56716 | E7: =IF(E8=0,0,E8/E9*1000) -> 943.12573 | F7: =IF(F8=0,0,F8/F9*1000) -> 765.52632 | G7: =IF(G8=0,0,G8/G9*1000) -> 732.63158 | H7: =IF(H8=0,0,H8/H9*1000) -> 732.63158 | I7: =IF(I8=0,0,I8/I9*1000) -> 732.63158 | J7: =IF(J8=0,0,J8/J9*1000) -> 732.63158 | K7: https://yadi.sk/i/qNE2kKib3U9fmv | P7: =Справочник!$E$74 -> Ишмин Тимур Юрьевич | Q7: =Справочник!$F$74 -> 2-61-14 | R7: 24.04.2023г. 15ч. 43 мин | S7: согласовано
A8: справочно: | B8: Объем потребления электрической энергии в многоквартирных домах | C8: МВт.ч | D8: 264.4 | E8: 322.549 | F8: 290.9 | G8: 278.4 | H8: 278.4 | I8: 278.4 | J8: 278.4 | L8: Масьянова Екатерина Владимировна | M8: 83884822128 | N8: 45040.613 | O8: показатель и пояснительная на согласование | P8: ='Справочник'!$E$74 -> Ишмин Тимур Юрьевич | Q8: ='Справочник'!$F$74 -> 2-61-14 | R8: 24.04.2023г. 15ч. 43 мин | S8: согласовано
B9: Число проживающих в многоквартирных домах, которым отпущена электрическая энергия | C9: человек | D9: 268 | E9: 342 | F9: 380 | G9: 380 | H9: 380 | I9: 380 | J9: 380 | L9: Масьянова Екатерина Владимировна | M9: 83884822128 | N9: 45040.613 | O9: показатель и пояснительная на согласование | P9: ='Справочник'!$E$74 -> Ишмин Тимур Юрьевич | Q9: ='Справочник'!$F$74 -> 2-61-14 | R9: 24.04.2023г. 15ч. 43 мин | S9: согласовано
B10: тепловая энергия | C10: Гкал на 1 кв. метр общей площади | D10: =IF(D11=0,0,D11/D12) -> 0.30317454 | E10: =IF(E11=0,0,E11/E12) -> 0.30042216 | F10: =IF(F11=0,0,F11/F12) -> 0.30567653 | G10: =IF(G11=0,0,G11/G12) -> 0.29816302 | H10: =IF(H11=0,0,H11/H12) -> 0.29615749 | I10: =IF(I11=0,0,I11/I12) -> 0.26923408 | J10: =IF(J11=0,0,J11/J12) -> 0.24231067 | K10: https://yadi.sk/i/qNE2kKib3U9fmv | P10: ='Справочник'!$E$74 -> Ишмин Тимур Юрьевич | Q10: ='Справочник'!$F$74 -> 2-61-14 | R10: 24.04.2023г. 15ч. 43 мин | S10: согласовано
A11: справочно: | B11: Объем потребления тепловой энергии в многоквартирных домах | C11: Гкал | D11: 1126.063 | E11: 1115.84 | F11: 1135.356 | G11: 1107.449 | H11: 1100 | I11: 1000 | J11: 900 | L11: Масьянова Екатерина Владимировна | M11: 83884822128 | N11: 45034.467 | O11: показатель и пояснительная на согласование | P11: ='Справочник'!$E$74 -> Ишмин Тимур Юрьевич | Q11: ='Справочник'!$F$74 -> 2-61-14 | R11: 24.04.2023г. 15ч. 43 мин | S11: согласовано
B12: Общая площадь многоквартирных домов | C12: кв. метров | D12: 3714.24 | E12: 3714.24 | F12: 3714.24 | G12: 3714.24 | H12: 3714.24 | I12: 3714.24 | J12: 3714.24 | L12: Масьянова Екатерина Владимировна | M12: 83884822128 | N12: 45034.467 | O12: показатель и пояснительная на согласование | P12: ='Справочник'!$E$74 -> Ишмин Тимур Юрьевич | Q12: ='Справочник'!$F$74 -> 2-61-14 | R12: 24.04.2023г. 15ч. 43 мин | S12: согласовано
B13: горячая вода | C13: куб. метров на 1 проживающего | D13: =IF(D14=0,0,D14/D15*1000) -> 0 | E13: =IF(E14=0,0,E14/E15*1000) -> 0 | F13: =IF(F14=0,0,F14/F15*1000) -> 0 | G13: =IF(G14=0,0,G14/G15*1000) -> 0 | H13: =IF(H14=0,0,H14/H15*1000) -> 0 | I13: =IF(I14=0,0,I14/I15*1000) -> 0 | J13: =IF(J14=0,0,J14/J15*1000) -> 0 | K13: https://yadi.sk/i/qNE2kKib3U9fmv | P13: ='Справочник'!$E$74 -> Ишмин Тимур Юрьевич | Q13: ='Справочник'!$F$74 -> 2-61-14 | R13: 24.04.2023г. 15ч. 43 мин | S13: согласовано
A14: справочно: | B14: Объем потребления горячей воды в многоквартирных домах | C14: тыс. куб. метров | D14: 0 | E14: 0 | F14: 0 | G14: 0 | H14: 0 | I14: 0 | J14: 0 | L14: Масьянова Екатерина Владимировна | M14: 83884822128 | N14: 45034.467 | O14: показатель и пояснительная на согласование | P14: ='Справочник'!$E$74 -> Ишмин Тимур Юрьевич | Q14: ='Справочник'!$F$74 -> 2-61-14 | R14: 24.04.2023г. 15ч. 43 мин | S14: согласовано
B15: Число проживающих в многоквартирных домах, которым отпущена горячая вода | C15: человек | D15: 0 | E15: 0 | F15: 0 | G15: 0 | H15: 0 | I15: 0 | J15: 0 | L15: Масьянова Екатерина Владимировна | M15: 83884822128 | N15: 45034.467 | O15: показатель и пояснительная на согласование | P15: ='Справочник'!$E$74 -> Ишмин Тимур Юрьевич | Q15: ='Справочник'!$F$74 -> 2-61-14 | R15: 24.04.2023г. 15ч. 43 мин | S15: согласовано
B16: холодная вода | C16: куб. метров на 1 проживающего | D16: =IF(D17=0,0,D17/D18*1000) -> 25 | E16: =IF(E17=0,0,E17/E18*1000) -> 16.137427 | F16: =IF(F17=0,0,F17/F18*1000) -> 15.892105 | G16: 15.892 | H16: 15.892 | I16: 15.892 | J16: 15.892 | L16: Масьянова Екатерина Владимировна | M16: 83884822128 | N16: 45034.467 | O16: показатель и пояснительная на согласование | P16: ='Справочник'!$E$74 -> Ишмин Тимур Юрьевич | Q16: ='Справочник'!$F$74 -> 2-61-14 | R16: 24.04.2023г. 15ч. 43 мин | S16: согласовано
A17: справочно: | B17: Объем потребления холодной воды в многоквартирных домах | C17: тыс. куб. метров | D17: 6.7 | E17: 5.519 | F17: 6.039 | G17: 6 | H17: 5.9 | I17: 5.5 | J17: 5 | L17: Масьянова Екатерина Владимировна | M17: 83884822128 | N17: 10.01 18.04.2023 | O17: Показатель на согласование | P17: ='Справочник'!$E$74 -> Ишмин Тимур Юрьевич | Q17: ='Справочник'!$F$74 -> 2-61-14 | R17: 24.04.2023г. 14 ч. 30 мин. | S17: согласовано
B18: Число проживающих в многоквартирных домах, которым отпущена холодная вода | C18: человек | D18: 268 | E18: 342 | F18: 380 | G18: 380 | H18: 380 | I18: 380 | J18: 380 | L18: Масьянова Екатерина Владимировна | M18: 83884822128 | N18: 10.01 18.04.2023 | O18: Показатель на согласование | P18: ='Справочник'!$E$74 -> Ишмин Тимур Юрьевич | Q18: ='Справочник'!$F$74 -> 2-61-14 | R18: 24.04.2023г. 14 ч. 30 мин. | S18: согласовано
B19: природный газ | C19: куб. метров на 1 проживающего | D19: =IF(D20=0,0,D20/D21*1000) -> 0 | E19: =IF(E20=0,0,E20/E21*1000) -> 0 | F19: =IF(F20=0,0,F20/F21*1000) -> 0 | G19: =IF(G20=0,0,G20/G21*1000) -> 0 | H19: =IF(H20=0,0,H20/H21*1000) -> 0 | I19: =IF(I20=0,0,I20/I21*1000) -> 0 | J19: =IF(J20=0,0,J20/J21*1000) -> 0 | K19: https://yadi.sk/i/qNE2kKib3U9fmv | P19: ='Справочник'!$E$74 -> Ишмин Тимур Юрьевич | Q19: ='Справочник'!$F$74 -> 2-61-14 | R19: 24.04.2023г. 14 ч. 30 мин. | S19: согласовано
A20: справочно: | B20: Объем потребления природного газа в многоквартирных домах | C20: тыс. куб. метров | D20: 0 | E20: 0 | F20: 0 | G20: 0 | H20: 0 | I20: 0 | J20: 0 | L20: Масьянова Екатерина Владимировна | M20: 83884822128 | N20: 10.01 18.04.2023 | O20: Показатель на согласование | P20: ='Справочник'!$E$74 -> Ишмин Тимур Юрьевич | Q20: ='Справочник'!$F$74 -> 2-61-14 | R20: 24.04.2023г. 14 ч. 30 мин. | S20: согласовано
B21: Число проживающих в многоквартирных домах, которым отпущен природый газ | C21: человек | D21: 0 | E21: 0 | F21: 0 | G21: 0 | H21: 0 | I21: 0 | J21: 0 | L21: Масьянова Екатерина Владимировна | M21: 83884822128 | N21: 10.01 18.04.2023 | O21: Показатель на согласование | P21: ='Справочник'!$E$74 -> Ишмин Тимур Юрьевич | Q21: ='Справочник'!$F$74 -> 2-61-14 | S21: согласовано
A22: 40 | B22: Удельная величина потребления энергетических ресурсов муниципальными бюджетными учреждениями: | D22: х | E22: х | F22: х | G22: х | H22: х | I22: х | J22: х | R22: 24.04.2023г. 14 ч. 30 мин.
B23: электрическая энергия | C23: кВт/ч на 1 человека населения | D23: =IF(D24=0,0,D24/'Организация муниципального упра'!D20) -> 136.857 | E23: =IF(E24=0,0,E24/'Организация муниципального упра'!E20) -> 108.63741 | F23: =IF(F24=0,0,F24/'Организация муниципального упра'!F20) -> 179.57685 | G23: =IF(G24=0,0,G24/'Организация муниципального упра'!G20) -> 187.29725 | H23: =IF(H24=0,0,H24/'Организация муниципального упра'!H20) -> 181.24208 | I23: =IF(I24=0,0,I24/'Организация муниципального упра'!I20) -> 170.56222 | J23: =IF(J24=0,0,J24/'Организация муниципального упра'!J20) -> 163.52201 | K23: https://yadi.sk/i/qNE2kKib3U9fmv | L23: Масьянова Екатерина Владимировна | M23: 83884822128 | N23: 45040.613 | O23: показатель и пояснительная на согласование | P23: ='Справочник'!E76 -> Мунатова Диана Васильевна | Q23: ='Справочник'!F76 -> 8 (38822) 2 25 43 | R23: 24.04.2023г. 14 ч. 32 мин. | S23: согласовано
A24: справочно: | B24: Объем потребленной (израсходованной) электрической энергии муниципальными бюджетными учреждениями | C24: МВт.ч | D24: 2207.914 | E24: 1743.739 | F24: 2860.3 | G24: 2944.5 | H24: 2860 | I24: 2700 | J24: 2600 | M24: 83884822128 | N24: 45040.613 | O24: показатель и пояснительная на согласование | P24: =Справочник!E77 -> Мунатова Диана Васильевна | Q24: =Справочник!F77 -> 8 (38822) 2 25 43 | R24: 24.04.2023г. 14 ч. 34 мин. | S24: согласовано
B25: тепловая энергия | C25: Гкал на 1 кв. метр общей площади | D25: =IF(D26=0,0,D26/D27) -> 0.4016532 | E25: =IF(E26=0,0,E26/E27) -> 0.33516876 | F25: =IF(F26=0,0,F26/F27) -> 0.15555126 | G25: =IF(G26=0,0,G26/G27) -> 0.23993403 | H25: =IF(H26=0,0,H26/H27) -> 0.23075251 | I25: =IF(I26=0,0,I26/I27) -> 0.21860764 | J25: =IF(J26=0,0,J26/J27) -> 0.20646277 | K25: https://yadi.sk/i/qNE2kKib3U9fmv | L25: Масьянова Екатерина Владимировна | M25: 83884822128 | N25: 14:32 20.04.2023 г. | O25: показатель и пояснительная на согласование | P25: ='Справочник'!E78 -> Мунатова Диана Васильевна | Q25: ='Справочник'!F78 -> 8 (38822) 2 25 43 | R25: 24.04.2023г. 14 ч. 36 мин. | S25: согласовано
A26: справочно: | B26: Объем потребленной (израсходованной) тепловой энергии муниципальными бюджетными учреждениями | C26: Гкал | D26: 9339.2 | E26: 12765.12 | F26: 6403.991 | G26: 9878 | H26: 9500 | I26: 9000 | J26: 8500 | L26: Масьянова Екатерина Владимировна | M26: 83884822128 | N26: 14:32 20.04.2023 г. | O26: показатель и пояснительная на согласование | P26: =P25 -> Мунатова Диана Васильевна | Q26: =Q25 -> 8 (38822) 2 25 43 | R26: 24.04.2023г. 14 ч. 38 мин. | S26: согласовано
B27: Общая площадь муниципальных бюджетных учреждений | C27: кв. метров | D27: 23251.9 | E27: 38085.65 | F27: 41169.65 | G27: 41169.65 | H27: 41169.65 | I27: 41169.65 | J27: 41169.65 | L27: Масьянова Екатерина Владимировна | M27: 83884822128 | N27: 14:32 20.04.2023 г. | O27: показатель и пояснительная на согласование | P27: =P26 -> Мунатова Диана Васильевна | Q27: =Q26 -> 8 (38822) 2 25 43 | R27: 24.04.2023г. 14 ч. 40 мин. | S27: согласовано
B28: горячая вода | C28: куб. метров на 1 челове-ка населения | D28: =IF(D29=0,0,D29/'Организация муниципального упра'!D20) -> 0 | E28: =IF(E29=0,0,E29/'Организация муниципального упра'!E20) -> 0 | F28: =IF(F29=0,0,F29/'Организация муниципального упра'!F20) -> 0 | G28: =IF(G29=0,0,G29/'Организация муниципального упра'!G20) -> 0 | H28: =IF(H29=0,0,H29/'Организация муниципального упра'!H20) -> 0 | I28: =IF(I29=0,0,I29/'Организация муниципального упра'!I20) -> 0 | J28: =IF(J29=0,0,J29/'Организация муниципального упра'!J20) -> 0 | L28: Масьянова Екатерина Владимировна | M28: 83884822128 | N28: 45034.419 | O28: показатель и пояснительная на согласование | P28: =P27 -> Мунатова Диана Васильевна | Q28: =Q26 -> 8 (38822) 2 25 43 | R28: 24.04.2023г. 14 ч. 42 мин. | S28: согласовано
A29: справочно: | B29: Объем потребленной (израсходованной) горячей воды муниципальными бюджетными учреждениями | C29: тыс. куб. метров | D29: 0 | E29: 0 | F29: 0 | G29: 0 | H29: 0 | I29: 0 | J29: 0 | L29: Масьянова Екатерина Владимировна | M29: 83884822128 | N29: 45034.419 | O29: показатель и пояснительная на согласование | P29: =P28 -> Мунатова Диана Васильевна | Q29: =Q28 -> 8 (38822) 2 25 43 | R29: 24.04.2023г. 14 ч. 44 мин. | S29: согласовано
B30: холодная вода | C30: -"- | D30: =IF(D31=0,0,D31/'Организация муниципального упра'!D20) -> 1.2035579 | E30: =IF(E31=0,0,E31/'Организация муниципального упра'!E20) -> 1.0735157 | F30: =IF(F31=0,0,F31/'Организация муниципального упра'!F20) -> 1.1187845 | G30: =IF(G31=0,0,G31/'Организация муниципального упра'!G20) -> 0.93200178 | H30: =IF(H31=0,0,H31/'Организация муниципального упра'!H20) -> 0.88719899 | I30: =IF(I31=0,0,I31/'Организация муниципального упра'!I20) -> 0.85281112 | J30: =IF(J31=0,0,J31/'Организация муниципального упра'!J20) -> 0.75471698 | K30: https://yadi.sk/i/qNE2kKib3U9fmv | L30: Масьянова Екатерина Владимировна | M30: 83884822128 | N30: 11.07 21.04.2023 г | O30: показатель и пояснительная на согласование | P30: =P29 -> Мунатова Диана Васильевна | Q30: =Q29 -> 8 (38822) 2 25 43 | R30: 24.04.2023г. 14 ч. 46 мин. | S30: согласовано
A31: справочно: | B31: Объем потребленной (израсходованной) холодной воды муниципальными бюджетными учреждениями | C31: тыс. куб. метров | D31: 19.417 | E31: 17.231 | F31: 17.82 | G31: 14.652 | H31: 14 | I31: 13.5 | J31: 12 | L31: Масьянова Екатерина Владимировна | M31: 83884822128 | N31: 11.07 21.04.2023 г | O31: показатель и пояснительная на согласование | P31: =P30 -> Мунатова Диана Васильевна | Q31: =Q30 -> 8 (38822) 2 25 43 | R31: 24.04.2023г. 14 ч. 50 мин. | S31: согласовано
B32: природный газ | C32: -"- | D32: =IF(D33=0,0,D33/'Организация муниципального упра'!D20) -> 0 | E32: =IF(E33=0,0,E33/'Организация муниципального упра'!E20) -> 0 | F32: =IF(F33=0,0,F33/'Организация муниципального упра'!F20) -> 0 | G32: =IF(G33=0,0,G33/'Организация муниципального упра'!G20) -> 0 | H32: =IF(H33=0,0,H33/'Организация муниципального упра'!H20) -> 0 | I32: =IF(I33=0,0,I33/'Организация муниципального упра'!I20) -> 0 | J32: =IF(J33=0,0,J33/'Организация муниципального упра'!J20) -> 0 | K32: https://yadi.sk/i/qNE2kKib3U9fmv | L32: Масьянова Екатерина Владимировна | M32: 83884822128 | N32: 45034.419 | O32: показатель и пояснительная на согласование | P32: =P31 -> Мунатова Диана Васильевна | Q32: =Q31 -> 8 (38822) 2 25 43 | R32: 24.04.2023г. 14 ч. 52 мин. | S32: согласовано
A33: справочно: | B33: Объем потребленного (израсходованного) природного газа муниципальными бюджетными учреждениями | C33: тыс. куб. метров | D33: 0 | E33: 0 | F33: 0 | G33: 0 | H33: 0 | I33: 0 | J33: 0 | L33: Масьянова Екатерина Владимировна | M33: 83884822128 | N33: 45034.419 | O33: показатель и пояснительная на согласование | P33: =P32 -> Мунатова Диана Васильевна | Q33: =Q32 -> 8 (38822) 2 25 43 | R33: 24.04.2023г. 14 ч. 54 мин. | S33: согласовано

Sheet Независимая оценка
B1: ='Экономическое развитие'!$B$1 -> МО "Усть-Коксинский район"
A2: ='Экономическое развитие'!A2:K2 -> Заочное согласование показателей для оценки эфективности деятельности органов местного самоуправления муниципальных районов и городского округа в Республике Алтай за 2022 год и пояснительных записок к ним
A3: № показателя | B3: Наименование показателя | C3: Единицы измерения | D3: Отчетная информация | K3: пояснительная записка | L3: Муниципальное образовние | P3: Ведомство (согласование ПОЯСНИТЕЛЬНЫХ записок и ведомственных целевых показатателей)
D4: 2019 | E4: 2020 | F4: 2021 | G4: 2022 | H4: 2023 | I4: 2024 | J4: 2025 | L4: ФИО (полностью) | M4: контактный телефон (ОБЯЗАТЕЛЬНО) | N4: дата и время внесения на согласования (ОБЯЗАТЕЛЬНО) | O4: Комментарий ответственного сотрудника ОБЯЗАТЕЛЬНО | P4: ФИО (полностью) | Q4: контактный телефон (обязательно) | R4: дата и время согласования (ОБЯЗАТЕЛЬНО) | S4: комментарий ответственного сотрудника ОБЯЗАТЕЛЬНО
B5: X. Результаты независимой оценки качества условий оказания услуг муниципальными организациями в сферах культуры, образования, социального обслуживания и иными организациями, расположенными на территориях соответствующих муниципальных образований и оказывающими услуги в указанных сферах за счет бюджетных ассигнований бюджетов муниципальных образований
A6: 41 | B6: Результаты независимой оценки качества условий оказания услуг муниципальными организациями в сферах культуры, образования, социального обслуживания и иными организациями, расположенными на территориях соответствующих муниципальных образований и оказывающими услуги в указанных сферах за счет бюджетных ассигнований бюджетов муниципальных образований (по данным официального сайта для размещения информации о государственных и муниципальных учреждениях в информационно-телекоммуникационной сети «Интернет») (при наличии):
B7: в сфере культуры | C7: баллы | D7: 87 | E7: 84.4 | F7: 78.1 | G7: 83.14 | H7: 85 | I7: 90 | J7: 90 | K7: https://yadi.sk/i/qNE2kKib3U9fmv | L7: Казанцева Жанна Григорьевна | M7: 83884822283 | N7: 45028.476 | O7: показатели для согласования | P7: =Справочник!E82 -> Шеверова Марина Алесандровна | Q7: =Справочник!F82 -> 8 (38822) 2 45 27 | R7: 24.04.2023 г. 14.25 | S7: согласовано, замечаний нет
B8: в сфере образования | C8: баллы | D8: 86.17 | E8: 87.84 | F8: 87.52 | G8: 84.8 | H8: 88 | I8: 90 | J8: 90 | L8: Рахманова Марина Николаевна | M8: 89136923110 | N8: 20.04.2023 15,30 | O8: исправлено, направлено на согласование | P8: ='Справочник'!E83 -> Бочкарева Ирина Александровна | Q8: ='Справочник'!F83 -> 8 (38822) 4 77 83 | R8: 24.04.2023 17ч. 17 мин. | S8: согласовано
B9: в сфере социального обслуживания | C9: баллы | D9: 0 | E9: 0 | F9: 0 | G9: 0 | H9: 0 | I9: 0 | J9: 0 | P9: ='Справочник'!E84 -> Белеева Байсура Павловна | Q9: ='Справочник'!F84 -> 8 (38822) 4 77 39 | R9: 20.04.2023 11ч20 мин. | S9: согласовано
B10: в сфере охраны здоровья | C10: баллы | E10: 0 | F10: 0 | G10: 0 | H10: 0 | I10: 0 | J10: 0 | O10: на согласование | P10: ='Справочник'!E85 -> Чернышова Татьяна Анатольевна | Q10: ='Справочник'!F85 -> 8 (38822) 2 64 91 | R10: 24.04.2023, 10:15 | S10: согласовано

Sheet Доклад Главы
C2: Единица измерения | D2: Отчетная информация | E2: Отчетная информация | F2: Отчетная информация | G2: Отчетная информация | H2: Отчетная информация | I2: Отчетная информация | K2: Примечание
C3: Единица измерения | D3: 2019 | E3: 2020 | F3: 2021 | G3: 2022 | H3: 2023 | I3: 2024 | J3: 2025 | K3: Примечание
A4: I. Экономическое развитие | B4: I. Экономическое развитие | C4: I. Экономическое развитие | D4: I. Экономическое развитие | E4: I. Экономическое развитие | F4: I. Экономическое развитие | G4: I. Экономическое развитие | H4: I. Экономическое развитие | I4: I. Экономическое развитие | K4: I. Экономическое развитие
A5: 1. | B5: Число субъектов малого и среднего предпринимательства | C5: единиц на 10 тыс. человек населения | D5: ='Экономическое развитие'!D6 -> 288.2291 | E5: ='Экономическое развитие'!E6 -> 291.59627 | F5: ='Экономическое развитие'!F6 -> 307.40157 | G5: ='Экономическое развитие'!G6 -> 323.11516 | H5: ='Экономическое развитие'!H6 -> 325.64364 | I5: ='Экономическое развитие'!I6 -> 326.26012 | J5: ='Экономическое развитие'!J6 -> 326.87651
A6: 2. | B6: Доля среднесписочной численности работников (без внешних совместителей) малых и средних предприятий в среднесписочной численности работников (без внешних совместителей) всех предприятий и организаций | C6: процентов | D6: ='Экономическое развитие'!D9 -> 26.315789 | E6: ='Экономическое развитие'!E9 -> 25.056579 | F6: ='Экономическое развитие'!F9 -> 22.020202 | G6: ='Экономическое развитие'!G9 -> 23.362593 | H6: ='Экономическое развитие'!H9 -> 23.58681 | I6: ='Экономическое развитие'!I9 -> 23.697479 | J6: ='Экономическое развитие'!J9 -> 23.774345
A7: 3. | B7: Объем инвестиций в основной капитал (за исключением бюджетных средств) в расчете на 1 жителя | C7: рублей | D7: ='Экономическое развитие'!D13 -> 218236.41 | E7: ='Экономическое развитие'!E13 -> 11555.417 | F7: ='Экономическое развитие'!F13 -> 5520.9066 | G7: ='Экономическое развитие'!G13 -> 6106.3546 | H7: ='Экономическое развитие'!H13 -> 6320.7807 | I7: ='Экономическое развитие'!I13 -> 6552.8478 | J7: ='Экономическое развитие'!J13 -> 6784.9604
A8: 4. | B8: Доля площади земельных участков, являющихся объектами налогообложения земельным налогом, в общей площади территории городского округа (муниципального района) | C8: процентов | D8: ='Экономическое развитие'!D16 -> 30.015136 | E8: ='Экономическое развитие'!E16 -> 30.057826 | F8: ='Экономическое развитие'!F16 -> 30.084494 | G8: ='Экономическое развитие'!G16 -> 30.146849 | H8: ='Экономическое развитие'!H16 -> 30.180993 | I8: ='Экономическое развитие'!I16 -> 30.227319 | J8: ='Экономическое развитие'!J16 -> 30.265923
A9: 5. | B9: Доля прибыльных сельскохозяйственных организаций в общем их числе | C9: % | D9: ='Экономическое развитие'!D19 -> 90.47619 | E9: ='Экономическое развитие'!E19 -> 100 | F9: ='Экономическое развитие'!F19 -> 94.736842 | G9: ='Экономическое развитие'!G19 -> 94.736842 | H9: ='Экономическое развитие'!H19 -> 94.736842 | I9: ='Экономическое развитие'!I19 -> 94.736842 | J9: ='Экономическое развитие'!J19 -> 94.736842
A10: 6. | B10: Доля протяженности автомобильных дорог общего пользования местного значения, не отвечающих нормативным требованиям, в общей протяженности автомобильных дорог общего пользования местного значения | C10: процентов | D10: ='Экономическое развитие'!D22 -> 84.991681 | E10: ='Экономическое развитие'!E22 -> 59.032038 | F10: ='Экономическое развитие'!F22 -> 59.032038 | G10: ='Экономическое развитие'!G22 -> 58.991826 | H10: ='Экономическое развитие'!H22 -> 58.583106 | I10: ='Экономическое развитие'!I22 -> 58.242507 | J10: ='Экономическое развитие'!J22 -> 57.901907
A11: 7. | B11: Доля населения, проживающего в населенных пунктах, не имеющих регулярного автобусного и (или) железнодорожного сообщения с административным центром городского округа (муниципального района), в общей численности населения городского округа (муниципального района) | C11: процентов | D11: ='Экономическое развитие'!D25 -> 0 | E11: ='Экономическое развитие'!E25 -> -1.1332561e-14 | F11: ='Экономическое развитие'!F25 -> 0 | G11: ='Экономическое развитие'!G25 -> 0 | H11: ='Экономическое развитие'!H25 -> 0.31685678 | I11: ='Экономическое развитие'!I25 -> 0.56854075 | J11: ='Экономическое развитие'!J25 -> 0.94339623
A12: 8. | B12: Среднемесячная номинальная начисленная заработная плата работников:
B13: крупных и средних предприятий и некоммерческих организаций городского округа (муниципального района) | C13: рублей | D13: ='Экономическое развитие'!D28 -> 24755.6 | E13: ='Экономическое развитие'!E28 -> 27305.2 | F13: ='Экономическое развитие'!F28 -> 29234.8 | G13: ='Экономическое развитие'!G28 -> 34009.4 | H13: ='Экономическое развитие'!H28 -> 37409.9 | I13: ='Экономическое развитие'!I28 -> 41150.89 | J13: ='Экономическое развитие'!J28 -> 41150.89
B14: муниципальных дошкольных образовательных учреждений | C14: рублей | D14: ='Экономическое развитие'!D29 -> 21078.8 | E14: ='Экономическое развитие'!E29 -> 21969.8 | F14: ='Экономическое развитие'!F29 -> 25179.9 | G14: ='Экономическое развитие'!G29 -> 28698.3 | H14: ='Экономическое развитие'!H29 -> 29845 | I14: ='Экономическое развитие'!I29 -> 31038 | J14: ='Экономическое развитие'!J29 -> 31038
B15: муниципальных общеобразовательных учреждений: | C15: рублей | D15: ='Экономическое развитие'!D30 -> 23301.8 | E15: ='Экономическое развитие'!E30 -> 25740.7 | F15: ='Экономическое развитие'!F30 -> 30619.1 | G15: ='Экономическое развитие'!G30 -> 35589.1 | H15: ='Экономическое развитие'!H30 -> 37012 | I15: ='Экономическое развитие'!I30 -> 38492 | J15: ='Экономическое развитие'!J30 -> 38492
B16: учителей муниципальных общеобразовательных учреждений | C16: рублей | D16: ='Экономическое развитие'!D31 -> 25762 | E16: ='Экономическое развитие'!E31 -> 27578.1 | F16: ='Экономическое развитие'!F31 -> 33950.6 | G16: ='Экономическое развитие'!G31 -> 40117.9 | H16: ='Экономическое развитие'!H31 -> 41721 | I16: ='Экономическое развитие'!I31 -> 43389 | J16: ='Экономическое развитие'!J31 -> 43389
B17: муниципальных учреждений культуры и искусства | C17: рублей | D17: ='Экономическое развитие'!D32 -> 26581 | E17: ='Экономическое развитие'!E32 -> 27695 | F17: ='Экономическое развитие'!F32 -> 30269.30 | G17: ='Экономическое развитие'!G32 -> 31169 | H17: ='Экономическое развитие'!H32 -> 37704.91 | I17: ='Экономическое развитие'!I32 -> 40345.5 | J17: ='Экономическое развитие'!J32 -> 43151.04
B18: муниципальных учреждений физической культуры и спорта | C18: рублей | D18: ='Экономическое развитие'!D33 -> 0 | E18: ='Экономическое развитие'!E33 -> 0 | F18: ='Экономическое развитие'!F33 -> 0 | G18: ='Экономическое развитие'!G33 -> 0 | H18: ='Экономическое развитие'!H33 -> 0 | I18: ='Экономическое развитие'!I33 -> 0 | J18: ='Экономическое развитие'!J33 -> 0
A19: II. Дошкольное образование | B19: II. Дошкольное образование | C19: II. Дошкольное образование | D19: II. Дошкольное образование | E19: II. Дошкольное образование | F19: II. Дошкольное образование | G19: II. Дошкольное образование | H19: II. Дошкольное образование | I19: II. Дошкольное образование | K19: II. Дошкольное образование
A20: 9. | B20: Доля детей в возрасте 1-6 лет, получающих дошкольную образовательную услугу и (или) услугу по их содержанию в муниципальных образовательных учреждениях в общей численности детей в возрасте 1-6 лет | C20: процентов | D20: ='Дошкольное образование'!D6 -> 74.936387 | E20: ='Дошкольное образование'!E6 -> 56.057753 | F20: ='Дошкольное образование'!F6 -> 71.678832 | G20: ='Дошкольное образование'!G6 -> 76.642336 | H20: ='Дошкольное образование'!H6 -> 76.811594 | I20: ='Дошкольное образование'!I6 -> 77.173913 | J20: ='Дошкольное образование'!J6 -> 77.536232
A21: 10. | B21: Доля детей в возрасте 1-6 лет, состоящих на учете для определения в муниципальные дошкольные образовательные учреждения, в общей численности детей в возрасте 1-6 лет | C21: процентов | D21: ='Дошкольное образование'!D8 -> 8.5877863 | E21: ='Дошкольное образование'!E8 -> 6.0263653 | F21: ='Дошкольное образование'!F8 -> 4.5985401 | G21: ='Дошкольное образование'!G8 -> 9.4890511 | H21: ='Дошкольное образование'!H8 -> 6.1594203 | I21: ='Дошкольное образование'!I8 -> 6.1594203 | J21: ='Дошкольное образование'!J8 -> 6.1594203
A22: 11. | B22: Доля муниципальных дошкольных общеобразовательных учреждений, здания которых находятся в аварийном состоянии или требуют капитального ремонта, в общем числе муниципальных дошкольных общеобразовательных учреждений | C22: процентов | D22: ='Дошкольное образование'!D11 -> 57.692308 | E22: ='Дошкольное образование'!E11 -> 46.153846 | F22: ='Дошкольное образование'!F11 -> 46.153846 | G22: ='Дошкольное образование'!G11 -> 46.153846 | H22: ='Дошкольное образование'!H11 -> 46.153846 | I22: ='Дошкольное образование'!I11 -> 42.307692 | J22: ='Дошкольное образование'!J11 -> 38.461538
A23: III. Общее и дополнительное образование | B23: III. Общее и дополнительное образование | C23: III. Общее и дополнительное образование | D23: III. Общее и дополнительное образование | E23: III. Общее и дополнительное образование | F23: III. Общее и дополнительное образование | G23: III. Общее и дополнительное образование | H23: III. Общее и дополнительное образование | I23: III. Общее и дополнительное образование | K23: III. Общее и дополнительное образование
A24: 12. | B24: Доля выпускников муниципальных общеобразовательных учреждений, не получивших аттестат о среднем (полном) образовании, в общей численности выпускников муниципальных общеобразовательных учреждений | C24: процентов | D24: ='Общее и доп образование'!D6 -> 0 | E24: ='Общее и доп образование'!E6 -> 0 | F24: ='Общее и доп образование'!F6 -> 0 | G24: ='Общее и доп образование'!G6 -> 4.8387097 | H24: ='Общее и доп образование'!H6 -> 0 | I24: ='Общее и доп образование'!I6 -> 0 | J24: ='Общее и доп образование'!J6 -> 0
A25: 13. | B25: Доля муниципальных общеобразовательных учреждений, соответствующих современным требованиям обучения, в общем количестве муниципальных общеобразовательных учреждений | C25: процентов | D25: ='Общее и доп образование'!D15 -> 50 | E25: ='Общее и доп образование'!E15 -> 65 | F25: ='Общее и доп образование'!F15 -> 70 | G25: ='Общее и доп образование'!G15 -> 70 | H25: ='Общее и доп образование'!H15 -> 85 | I25: ='Общее и доп образование'!I15 -> 85 | J25: ='Общее и доп образование'!J15 -> 85
A26: 14. | B26: Доля муниципальных общеобразовательных учреждений, здания которых находятся в аварийном состоянии или требуют капитального ремонта, в общем количестве муниципальных общеобразовательных учреждений | C26: процентов | D26: ='Общее и доп образование'!D18 -> 50 | E26: ='Общее и доп образование'!E18 -> 25 | F26: ='Общее и доп образование'!F18 -> 70 | G26: ='Общее и доп образование'!G18 -> 60 | H26: ='Общее и доп образование'!H18 -> 45 | I26: ='Общее и доп образование'!I18 -> 45 | J26: ='Общее и доп образование'!J18 -> 45
A27: 15. | B27: Доля детей первой и второй групп здоровья в общей численности обучающихся в муниципальных общеобразовательных учреждениях | C27: процентов | D27: ='Общее и доп образование'!D20 -> 89.572471 | E27: ='Общее и доп образование'!E20 -> 91.038697 | F27: ='Общее и доп образование'!F20 -> 89.120612 | G27: ='Общее и доп образование'!G20 -> 86.33 | H27: ='Общее и доп образование'!H20 -> 86.612576 | I27: ='Общее и доп образование'!I20 -> 86.612576 | J27: ='Общее и доп образование'!J20 -> 86.612576
A28: 16. | B28: Доля обучающихся в муниципальных общеобразовательных учреждениях, занимающихся во вторую (третью) смену, в общей численности обучающихся в муниципальных общеобразовательных учреждениях | C28: процентов | D28: ='Общее и доп образование'!D23 -> 21.2374 | E28: ='Общее и доп образование'!E23 -> 26.140351 | F28: ='Общее и доп образование'!F23 -> 23.114525 | G28: ='Общее и доп образование'!G23 -> 24.115198 | H28: ='Общее и доп образование'!H23 -> 24.115198 | I28: ='Общее и доп образование'!I23 -> 24.115198 | J28: ='Общее и доп образование'!J23 -> 24.115198
A29: 17. | B29: Расходы бюджета муниципального образования на общее образование в расчете на 1 обучающегося в муниципальных общеобразовательных учреждениях | C29: тысяч рублей | D29: ='Общее и доп образование'!D26 -> 77.829579 | E29: ='Общее и доп образование'!E26 -> 70.314351 | F29: ='Общее и доп образование'!F26 -> 51.811453 | G29: ='Общее и доп образование'!G26 -> 61.669971 | H29: ='Общее и доп образование'!H26 -> #REF! | I29: ='Общее и доп образование'!I26 -> 72.481647 | J29: ='Общее и доп образование'!J26 -> 72.481647
A30: 18. | B30: Доля детей в возрасте 5-18 лет, получающих услуги по дополнительному образованию в организациях различной организационно-правовой формы и формы собственности, в общей численности детей данной возрастной группы | C30: процентов | D30: ='Общее и доп образование'!D29 -> 56 | E30: ='Общее и доп образование'!E29 -> 65.111165 | F30: ='Общее и доп образование'!F29 -> 75.58 | G30: ='Общее и доп образование'!G29 -> 77.260982 | H30: ='Общее и доп образование'!H29 -> 79.301423 | I30: ='Общее и доп образование'!I29 -> 80.103359 | J30: ='Общее и доп образование'!J29 -> 82.474227
A31: IV. Культура | B31: IV. Культура | C31: IV. Культура | D31: IV. Культура | E31: IV. Культура | F31: IV. Культура | G31: IV. Культура | H31: IV. Культура | I31: IV. Культура | K31: IV. Культура
A32: 19. | B32: Уровень фактической обеспеченности учреждениями культуры в городском округе (муниципальном районе) от нормативной потребности: | D32: =Культура!D7 -> 87.823504
B33: клубами и учреждениями клубного типа | C33: процентов | D33: =Культура!D7 -> 87.823504 | E33: =Культура!E7 -> 96.428571 | F33: =Культура!F7 -> 96.428571 | G33: =Культура!G7 -> 96.428571 | H33: =Культура!H7 -> 96.428571 | I33: =Культура!I7 -> 96.428571 | J33: =Культура!J7 -> 96.428571
B34: библиотеками | C34: процентов | D34: =Культура!D10 -> 86.363636 | E34: =Культура!E10 -> 86.363636 | F34: =Культура!F10 -> 86.363636 | G34: =Культура!G10 -> 86.363636 | H34: =Культура!H10 -> 86.363636 | I34: =Культура!I10 -> 86.363636 | J34: =Культура!J10 -> 86.363636
B35: парками культуры и отдыха | C35: процентов | D35: =Культура!D13 -> 0 | E35: =Культура!E13 -> 0 | F35: =Культура!F13 -> 0 | G35: =Культура!G13 -> 0 | H35: =Культура!H13 -> 0 | I35: =Культура!I13 -> 0 | J35: =Культура!J13 -> 0
A36: 20. | B36: Доля муниципальных учреждений культуры, здания которых находятся в аварийном состоянии или требуют капитального ремонта, в общем количестве муниципальных учреждений культуры | C36: процентов | D36: =Культура!D16 -> 42.553191 | E36: =Культура!E16 -> 42.553191 | F36: =Культура!F16 -> 40.425532 | G36: =Культура!G16 -> 40.425532 | H36: =Культура!H16 -> 40.425532 | I36: =Культура!I16 -> 40.425532 | J36: =Культура!J16 -> 40.425532
A37: 21. | B37: Доля объектов культурного наследия, находящихся в муниципальной собственности и требующих консервации или реставрации, в общем количестве объектов культурного наследия, находящихся в муниципальной собственности | C37: процентов | D37: =Культура!D19 -> 0 | E37: =Культура!E19 -> 0 | F37: =Культура!F19 -> 0 | G37: =Культура!G19 -> 0 | H37: =Культура!H19 -> 0 | I37: =Культура!I19 -> 0 | J37: =Культура!J19 -> 0
A38: V. Физическая культура и спорт | B38: V. Физическая культура и спорт | C38: V. Физическая культура и спорт | D38: V. Физическая культура и спорт | E38: V. Физическая культура и спорт | F38: V. Физическая культура и спорт | G38: V. Физическая культура и спорт | H38: V. Физическая культура и спорт | I38: V. Физическая культура и спорт | K38: V. Физическая культура и спорт
A39: 22 | B39: Доля населения, систематически занимающегося физической культурой и спортом | C39: процентов | D39: ='Физическая культура и спорт'!D6 -> #DIV/0! | E39: ='Физическая культура и спорт'!E6 -> 45.137747 | F39: ='Физическая культура и спорт'!F6 -> 52.423199 | G39: ='Физическая культура и спорт'!G6 -> 55.697892 | H39: ='Физическая культура и спорт'!H6 -> 55.733333 | I39: ='Физическая культура и спорт'!I6 -> 55.766667 | J39: ='Физическая культура и спорт'!J6 -> 55.8
A40: 23 | B40: Доля обучающихся, систематически занимающихся физической культурой и спортом, в общей численности обучающихся | C40: процентов | D40: ='Физическая культура и спорт'!D9 -> 100 | E40: ='Физическая культура и спорт'!E9 -> 89.444444 | F40: ='Физическая культура и спорт'!F9 -> 94.096021 | G40: ='Физическая культура и спорт'!G9 -> 93.2 | H40: ='Физическая культура и спорт'!H9 -> 98.663697 | I40: ='Физическая культура и спорт'!I9 -> 98.775056 | J40: ='Физическая культура и спорт'!J9 -> 98.886414
A41: VI. Жилищное строительство и обеспечение граждан жильем | B41: VI. Жилищное строительство и обеспечение граждан жильем | C41: VI. Жилищное строительство и обеспечение граждан жильем | D41: VI. Жилищное строительство и обеспечение граждан жильем | E41: VI. Жилищное строительство и обеспечение граждан жильем | F41: VI. Жилищное строительство и обеспечение граждан жильем | G41: VI. Жилищное строительство и обеспечение граждан жильем | H41: VI. Жилищное строительство и обеспечение граждан жильем | I41: VI. Жилищное строительство и обеспечение граждан жильем | K41: VI. Жилищное строительство и обеспечение граждан жильем
A42: 24. | B42: Общая площадь жилых помещений, приходящаяся в среднем на одного жителя, - всего | C42: кв. метров | D42: ='Жилищное строительство и обеспе'!D6 -> 19.38883 | E42: ='Жилищное строительство и обеспе'!E6 -> 19.967461 | F42: ='Жилищное строительство и обеспе'!F6 -> 20.705386 | G42: ='Жилищное строительство и обеспе'!G6 -> 21.522274 | H42: ='Жилищное строительство и обеспе'!H6 -> 22 | I42: ='Жилищное строительство и обеспе'!I6 -> 22.41875 | J42: ='Жилищное строительство и обеспе'!J6 -> 22.829721
B43: в том числе введенная в действие за год | C43: кв. метров | D43: ='Жилищное строительство и обеспе'!D9 -> 0.40816959 | E43: ='Жилищное строительство и обеспе'!E9 -> 0.37212635 | F43: ='Жилищное строительство и обеспе'!F9 -> 0.60258664 | G43: ='Жилищное строительство и обеспе'!G9 -> 0.57299154 | H43: ='Жилищное строительство и обеспе'!H9 -> 0.58935361 | I43: ='Жилищное строительство и обеспе'!I9 -> 0.60138977 | J43: ='Жилищное строительство и обеспе'!J9 -> 0.61257862
A44: 25. | B44: Площадь земельных участков, предоставленных для строительства в расчете на 10 тыс. человек населения - всего | C44: га | D44: ='Жилищное строительство и обеспе'!D12 -> 17.384243 | E44: ='Жилищное строительство и обеспе'!E12 -> 23.130646 | F44: ='Жилищное строительство и обеспе'!F12 -> 22.840281 | G44: ='Жилищное строительство и обеспе'!G12 -> 33.153107 | H44: ='Жилищное строительство и обеспе'!H12 -> 28.51711 | I44: ='Жилищное строительство и обеспе'!I12 -> 29.690461 | J44: ='Жилищное строительство и обеспе'!J12 -> 28.301887
B45: в том числе земельных участков, предоставленных для жилищного строительства, индивидуального строительства и комплексного освоения в целях жилищного строительства | C45: га | D45: ='Жилищное строительство и обеспе'!D14 -> 16.774933 | E45: ='Жилищное строительство и обеспе'!E14 -> 21.406766 | F45: ='Жилищное строительство и обеспе'!F14 -> 21.9111 | G45: ='Жилищное строительство и обеспе'!G14 -> 32.249857 | H45: ='Жилищное строительство и обеспе'!H14 -> 27.249683 | I45: ='Жилищное строительство и обеспе'!I14 -> 27.795325 | J45: ='Жилищное строительство и обеспе'!J14 -> 27.044025
A46: 26. | B46: Площадь земельных участков, предоставленных для строительства, в отношении которых с даты принятия решения о предоставлении земельного участка или подписания протокола о результатах торгов (конкурсов, аукционов) не было получено разрешение на ввод в эксплуатацию | C46: кв. метров | D46: ='Жилищное строительство и обеспе'!D17 -> 0 | E46: ='Жилищное строительство и обеспе'!E17 | F46: ='Жилищное строительство и обеспе'!F17 -> 0 | G46: ='Жилищное строительство и обеспе'!G17 -> 0 | H46: ='Жилищное строительство и обеспе'!H17 -> 0 | I46: ='Жилищное строительство и обеспе'!I17 -> 0 | J46: ='Жилищное строительство и обеспе'!J17 -> 0
A47: VII. Жилищно-коммунальное хозяйство | B47: VII. Жилищное-коммунальное хозяйство | C47: VII. Жилищное-коммунальное хозяйство | D47: VII. Жилищное-коммунальное хозяйство | E47: VII. Жилищное-коммунальное хозяйство | F47: VII. Жилищное-коммунальное хозяйство | G47: VII. Жилищное-коммунальное хозяйство | H47: VII. Жилищное-коммунальное хозяйство | I47: VII. Жилищное-коммунальное хозяйство | K47: VII. Жилищное-коммунальное хозяйство
A48: 27. | B48: Доля многоквартирных домов, в которых собственники помещений выбрали и реализуют один из способов управления многоквартирными домами, в общем числе многоквартирных домов, в которых собственники помещений должны выбрать способ управления данными домами | C48: процентов | D48: ='Жилищно-коммунальное хозяйство'!D6 -> 100 | E48: ='Жилищно-коммунальное хозяйство'!E6 -> 0 | F48: ='Жилищно-коммунальное хозяйство'!F6 -> 100 | G48: ='Жилищно-коммунальное хозяйство'!G6 -> 84.210526 | H48: ='Жилищно-коммунальное хозяйство'!H6 -> 100 | I48: ='Жилищно-коммунальное хозяйство'!I6 -> 100 | J48: ='Жилищно-коммунальное хозяйство'!J6 -> 100
A49: 28. | B49: Доля организаций коммунального комплекса, осуществляющих производство товаров, оказание услуг по водо-, тепло, -газо-, электроснабжению, водоотведению, очистке сточных вод, утилизации (захоронению) твердых бытовых отходов и использующих объекты коммунальной инфраструктуры на праве частной собственности, по договору аренды или концессии, участие субъекта Российской Федерации и (или) городского округа (муниципального района) в уставном капитале которых составляет не более 25 процентов, в общем числе организаций коммунального комплекса, осуществляющих свою деятельность на территории городского округа (муниципального района) | C49: процентов | D49: ='Жилищно-коммунальное хозяйство'!D13 -> 100 | E49: ='Жилищно-коммунальное хозяйство'!E13 -> 0 | F49: ='Жилищно-коммунальное хозяйство'!F13 -> 0 | G49: ='Жилищно-коммунальное хозяйство'!G13 -> 0 | H49: ='Жилищно-коммунальное хозяйство'!H13 -> 0 | I49: ='Жилищно-коммунальное хозяйство'!I13 -> 0 | J49: ='Жилищно-коммунальное хозяйство'!J13 -> 0
A50: 29. | B50: Доля многоквартирных домов, расположенных на земельных участках, в отношении которых осуществлен государственный кадастровый учет | C50: процентов | D50: ='Жилищно-коммунальное хозяйство'!D16 -> 100 | E50: ='Жилищно-коммунальное хозяйство'!E16 -> 100 | F50: ='Жилищно-коммунальное хозяйство'!F16 -> 100 | G50: ='Жилищно-коммунальное хозяйство'!G16 -> 100 | H50: ='Жилищно-коммунальное хозяйство'!H16 -> 100 | I50: ='Жилищно-коммунальное хозяйство'!I16 -> 100 | J50: ='Жилищно-коммунальное хозяйство'!J16 -> 100
A51: 30. | B51: Доля населения, получившего жилые помещения и улучшившего жилищные условия в отчетном году, в общей численности населения, состоящего на учете в качестве нуждающегося в жилых помещениях | C51: процентов | D51: ='Жилищно-коммунальное хозяйство'!D19 -> 10.824742 | E51: ='Жилищно-коммунальное хозяйство'!E19 -> 7.2890026 | F51: ='Жилищно-коммунальное хозяйство'!F19 -> 4.3307087 | G51: ='Жилищно-коммунальное хозяйство'!G19 -> 6.639 | H51: ='Жилищно-коммунальное хозяйство'!H19 -> 8.3783784 | I51: ='Жилищно-коммунальное хозяйство'!I19 -> 8.3776596 | J51: ='Жилищно-коммунальное хозяйство'!J19 -> 8.3443709
A52: VIII. Организация муниципального управления | B52: VIII. Организация муниципального управления | C52: VIII. Организация муниципального управления | D52: VIII. Организация муниципального управления | E52: VIII. Организация муниципального управления | F52: VIII. Организация муниципального управления | G52: VIII. Организация муниципального управления | H52: VIII. Организация муниципального управления | I52: VIII. Организация муниципального управления | K52: VIII. Организация муниципального управления
A53: 31. | B53: Доля налоговых и неналоговых доходов местного бюджета (за исключением поступлений налоговых доходов по дополнительным нормативам отчислений) в общем объеме собственных доходов бюджета муниципального образования (без учета субвенций) | C53: процентов | D53: ='Организация муниципального упра'!D6 -> 18.349891 | E53: ='Организация муниципального упра'!E6 -> 26.626535 | F53: ='Организация муниципального упра'!F6 -> 21.910683 | G53: ='Организация муниципального упра'!G6 -> 26.577445 | H53: ='Организация муниципального упра'!H6 -> 34.773143 | I53: ='Организация муниципального упра'!I6 -> 46.006804 | J53: ='Организация муниципального упра'!J6 -> 47.383514
A54: 32. | B54: Доля основных фондов организаций муниципальной формы собственности, находящихся в стадии банкротства, в основных фондах организаций муниципальной формы собственности (на конец года, по полной учетной стоимости) | C54: процентов | D54: ='Организация муниципального упра'!D9 -> 0 | E54: ='Организация муниципального упра'!E9 -> 0 | F54: ='Организация муниципального упра'!F9 -> 0 | G54: ='Организация муниципального упра'!G9 -> 0 | H54: ='Организация муниципального упра'!H9 -> 0 | I54: ='Организация муниципального упра'!I9 -> 0 | J54: ='Организация муниципального упра'!J9 -> 0
A55: 33. | B55: Объем не завершенного в установленные сроки строительства, осуществляемого за счет средств бюджета городского округа (муниципального района) | C55: тыс. рублей | D55: ='Организация муниципального упра'!D12 -> 17272.7 | E55: ='Организация муниципального упра'!E12 -> 17272.7 | F55: ='Организация муниципального упра'!F12 -> 1667.903 | G55: ='Организация муниципального упра'!G12 -> 0 | H55: ='Организация муниципального упра'!H12 -> 0 | I55: ='Организация муниципального упра'!I12 -> 0 | J55: ='Организация муниципального упра'!J12 -> 0
A56: 34. | B56: Доля просроченной кредиторской задолженности по оплате труда (включая начисления на оплату труда) муниципальных учреждений в общем объеме расходов муниципального образования на оплату труда (включая начисления на оплату труда) | C56: процентов | D56: ='Организация муниципального упра'!D13 -> 0 | E56: ='Организация муниципального упра'!E13 -> 0 | F56: ='Организация муниципального упра'!F13 -> 0 | G56: ='Организация муниципального упра'!G13 -> 0 | H56: ='Организация муниципального упра'!H13 -> 0 | I56: ='Организация муниципального упра'!I13 -> 0 | J56: ='Организация муниципального упра'!J13 -> 0
A57: 35. | B57: Расходы бюджета муниципального образования на содержание работников органов местного самоуправления в расчете на одного жителя муниципального образования | C57: рублей | D57: ='Организация муниципального упра'!D16 -> 3597.0845 | E57: ='Организация муниципального упра'!E16 -> 3848.4407 | F57: ='Организация муниципального упра'!F16 -> 3877.5979 | G57: ='Организация муниципального упра'!G16 -> 5978.7623 | H57: ='Организация муниципального упра'!H16 -> 6232.1893 | I57: ='Организация муниципального упра'!I16 -> 6212.5045 | J57: ='Организация муниципального упра'!J16 -> 6185.1539
A58: 36. | B58: Наличие в городском округе (муниципальном районе) утвержденного генерального плана городского округа (схемы территориального планирования муниципального района) | C58: да - 1/нет - 0 | D58: ='Организация муниципального упра'!D18 -> да | E58: ='Организация муниципального упра'!E18 -> да | F58: ='Организация муниципального упра'!F18 -> да | G58: ='Организация муниципального упра'!G18 -> да | H58: ='Организация муниципального упра'!H18 -> да | I58: ='Организация муниципального упра'!I18 -> да | J58: ='Организация муниципального упра'!J18 -> да
A59: 37. | B59: Удовлетворенность населения деятельностью органов местного самоуправления городского округа (муниципального района) | C59: процентов от числа опрошенных | D59: ='Организация муниципального упра'!D19 -> 44.59 | E59: ='Организация муниципального упра'!E19 -> 66.1 | F59: ='Организация муниципального упра'!F19 -> 74 | G59: ='Организация муниципального упра'!G19 -> 67.1 | H59: ='Организация муниципального упра'!H19 -> 70 | I59: ='Организация муниципального упра'!I19 -> 75 | J59: ='Организация муниципального упра'!J19 -> 80
A60: 38. | B60: Среднегодовая численность постоянного населения | C60: тыс. человек | D60: ='Организация муниципального упра'!D20 -> 16.133 | E60: ='Организация муниципального упра'!E20 -> 16.051 | F60: ='Организация муниципального упра'!F20 -> 15.928 | G60: ='Организация муниципального упра'!G20 -> 15.721 | H60: ='Организация муниципального упра'!H20 -> 15.78 | I60: ='Организация муниципального упра'!I20 -> 15.83 | J60: ='Организация муниципального упра'!J20 -> 15.9
A61: IX. Энергосбережение и повышение энергетической эффективности | B61: IX. Энергосбережение и повышение энергетической эффективности | C61: IX. Энергосбережение и повышение энергетической эффективности | D61: IX. Энергосбережение и повышение энергетической эффективности | E61: IX. Энергосбережение и повышение энергетической эффективности | F61: IX. Энергосбережение и повышение энергетической эффективности | G61: IX. Энергосбережение и повышение энергетической эффективности | H61: IX. Энергосбережение и повышение энергетической эффективности | I61: IX. Энергосбережение и повышение энергетической эффективности | K61: IX. Энергосбережение и повышение энергетической эффективности
A62: 39. | B62: Удельная величина потребления энергетических ресурсов в многоквартирных домах:
B63: электрическая энергия | C63: кВт-ч на 1 проживающего | D63: ='Энергосбережение и повышение эн'!D7 -> 986.56716 | E63: ='Энергосбережение и повышение эн'!E7 -> 943.12573 | F63: ='Энергосбережение и повышение эн'!F7 -> 765.52632 | G63: ='Энергосбережение и повышение эн'!G7 -> 732.63158 | H63: ='Энергосбережение и повышение эн'!H7 -> 732.63158 | I63: ='Энергосбережение и повышение эн'!I7 -> 732.63158 | J63: ='Энергосбережение и повышение эн'!J7 -> 732.63158
B64: тепловая энергия | C64: Гкал на 1 кв. метр общей площади | D64: ='Энергосбережение и повышение эн'!D10 -> 0.30317454 | E64: ='Энергосбережение и повышение эн'!E10 -> 0.30042216 | F64: ='Энергосбережение и повышение эн'!F10 -> 0.30567653 | G64: ='Энергосбережение и повышение эн'!G10 -> 0.29816302 | H64: ='Энергосбережение и повышение эн'!H10 -> 0.29615749 | I64: ='Энергосбережение и повышение эн'!I10 -> 0.26923408 | J64: ='Энергосбережение и повышение эн'!J10 -> 0.24231067
B65: горячая вода | C65: куб. метров на 1 проживающего | D65: ='Энергосбережение и повышение эн'!D13 -> 0 | E65: ='Энергосбережение и повышение эн'!E13 -> 0 | F65: ='Энергосбережение и повышение эн'!F13 -> 0 | G65: ='Энергосбережение и повышение эн'!G13 -> 0 | H65: ='Энергосбережение и повышение эн'!H13 -> 0 | I65: ='Энергосбережение и повышение эн'!I13 -> 0 | J65: ='Энергосбережение и повышение эн'!J13 -> 0
B66: холодная вода | C66: куб. метров на 1 проживающего | D66: ='Энергосбережение и повышение эн'!D16 -> 25 | E66: ='Энергосбережение и повышение эн'!E16 -> 16.137427 | F66: ='Энергосбережение и повышение эн'!F16 -> 15.892105 | G66: ='Энергосбережение и повышение эн'!G16 -> 15.892 | H66: ='Энергосбережение и повышение эн'!H16 -> 15.892 | I66: ='Энергосбережение и повышение эн'!I16 -> 15.892 | J66: ='Энергосбережение и повышение эн'!J16 -> 15.892
B67: природный газ | C67: куб. метров на 1 проживающего | D67: ='Энергосбережение и повышение эн'!D19 -> 0 | E67: ='Энергосбережение и повышение эн'!E19 -> 0 | F67: ='Энергосбережение и повышение эн'!F19 -> 0 | G67: ='Энергосбережение и повышение эн'!G19 -> 0 | H67: ='Энергосбережение и повышение эн'!H19 -> 0 | I67: ='Энергосбережение и повышение эн'!I19 -> 0 | J67: ='Энергосбережение и повышение эн'!J19 -> 0
A68: 40. | B68: Удельная величина потребления энергетических ресурсов муниципальными бюджетными учреждениями
B69: электрическая энергия | C69: кВт-ч на 1 проживающего | D69: ='Энергосбережение и повышение эн'!D23 -> 136.857 | E69: ='Энергосбережение и повышение эн'!E23 -> 108.63741 | F69: ='Энергосбережение и повышение эн'!F23 -> 179.57685 | G69: ='Энергосбережение и повышение эн'!G23 -> 187.29725 | H69: ='Энергосбережение и повышение эн'!H23 -> 181.24208 | I69: ='Энергосбережение и повышение эн'!I23 -> 170.56222 | J69: ='Энергосбережение и повышение эн'!J23 -> 163.52201
B70: тепловая энергия | C70: Гкал на 1 кв. метр общей площади | D70: ='Энергосбережение и повышение эн'!D25 -> 0.4016532 | E70: ='Энергосбережение и повышение эн'!E25 -> 0.33516876 | F70: ='Энергосбережение и повышение эн'!F25 -> 0.15555126 | G70: ='Энергосбережение и повышение эн'!G25 -> 0.23993403 | H70: ='Энергосбережение и повышение эн'!H25 -> 0.23075251 | I70: ='Энергосбережение и повышение эн'!I25 -> 0.21860764 | J70: ='Энергосбережение и повышение эн'!J25 -> 0.20646277
B71: горячая вода | C71: куб. метров на 1 проживающего | D71: ='Энергосбережение и повышение эн'!D28 -> 0 | E71: ='Энергосбережение и повышение эн'!E28 -> 0 | F71: ='Энергосбережение и повышение эн'!F28 -> 0 | G71: ='Энергосбережение и повышение эн'!G28 -> 0 | H71: ='Энергосбережение и повышение эн'!H28 -> 0 | I71: ='Энергосбережение и повышение эн'!I28 -> 0 | J71: ='Энергосбережение и повышение эн'!J28 -> 0
B72: холодная вода | C72: куб. метров на 1 проживающего | D72: ='Энергосбережение и повышение эн'!D30 -> 1.2035579 | E72: ='Энергосбережение и повышение эн'!E30 -> 1.0735157 | F72: ='Энергосбережение и повышение эн'!F30 -> 1.1187845 | G72: ='Энергосбережение и повышение эн'!G30 -> 0.93200178 | H72: ='Энергосбережение и повышение эн'!H30 -> 0.88719899 | I72: ='Энергосбережение и повышение эн'!I30 -> 0.85281112 | J72: ='Энергосбережение и повышение эн'!J30 -> 0.75471698
B73: природный газ | C73: куб. метров на 1 проживающего | D73: ='Энергосбережение и повышение эн'!D32 -> 0 | E73: ='Энергосбережение и повышение эн'!E32 -> 0 | F73: ='Энергосбережение и повышение эн'!F32 -> 0 | G73: ='Энергосбережение и повышение эн'!G32 -> 0 | H73: ='Энергосбережение и повышение эн'!H32 -> 0 | I73: ='Энергосбережение и повышение эн'!I32 -> 0 | J73: ='Энергосбережение и повышение эн'!J32 -> 0
A74: 41. | B74: Результаты независимой оценки качества условий оказания услуг муниципальными организациями в сферах культуры, образования, социального обслуживания и иными организациями, расположенными на территориях соответствующих муниципальных образований и оказывающими услуги в указанных сферах за счет бюджетных ассигнований бюджетов муниципальных образований (по данным официального сайта для размещения информации о государственных и муниципальных учреждениях в информационно-телекоммуникационной сети «Интернет») (при наличии):
B75: в сфере культуры | C75: баллы | D75: ='Независимая оценка'!D7 -> 87 | E75: ='Независимая оценка'!E7 -> 84.4 | F75: ='Независимая оценка'!F7 -> 78.1 | G75: ='Независимая оценка'!G7 -> 83.14 | H75: ='Независимая оценка'!H7 -> 85 | I75: ='Независимая оценка'!I7 -> 90 | J75: ='Независимая оценка'!J7 -> 90
B76: в сфере образования | C76: баллы | D76: ='Независимая оценка'!D8 -> 86.17 | E76: ='Независимая оценка'!E8 -> 87.84 | F76: ='Независимая оценка'!F8 -> 87.52 | G76: ='Независимая оценка'!G8 -> 84.8 | H76: ='Независимая оценка'!H8 -> 88 | I76: ='Независимая оценка'!I8 -> 90 | J76: ='Независимая оценка'!J8 -> 90
B77: в сфере социального обслуживания | C77: баллы | D77: ='Независимая оценка'!D9 -> 0 | E77: ='Независимая оценка'!E9 -> 0 | F77: ='Независимая оценка'!F9 -> 0 | G77: ='Независимая оценка'!G9 -> 0 | H77: ='Независимая оценка'!H9 -> 0 | I77: ='Независимая оценка'!I9 -> 0 | J77: ='Независимая оценка'!J9 -> 0
B78: в сфере охраны здоровья | C78: баллы | E78: ='Независимая оценка'!E10 -> 0 | F78: ='Независимая оценка'!F10 -> 0 | G78: ='Независимая оценка'!G10 -> 0 | H78: ='Независимая оценка'!H10 -> 0 | I78: ='Независимая оценка'!I10 -> 0 | J78: ='Независимая оценка'!J10 -> 0

Sheet Титул Доклада
A12: ДОКЛАД
A15: Главы муниципального образования "Усть-Коксинский район"
A16: (наименование городского округа (муниципального района)
A18: о достигнутых значениях показателей для оценки эффективности деятельности органов местного самоуправления городских округов и муниципальных районов за 2022 год и их планируемых значениях на 3-летний период
A20: Подпись _____________________
A21: Дата 28 апреля 2023 г.
